Workbook
Name a: [1]Compra_54MOD!#REF!
Name CALPH: [2]SHEET1!$M$1:$M$4
Name CBNPR: [2]SHEET1!$X$1:$X$4
Name CDCTO: [2]SHEET1!$B$1:$B$4
Name CDOCO: [2]SHEET1!$C$1:$C$4
Name CDSC1: [2]SHEET1!$E$1:$E$4
Name CDSC2: [2]SHEET1!$F$1:$F$4
Name CKCOO: [2]SHEET1!$A$1:$A$4
Name CPDDJ: [2]SHEET1!$S$1:$S$4
Name CPRRC: [2]SHEET1!$Q$1:$Q$4
Name CPTC: [2]SHEET1!$W$1:$W$4
Name CUM: [2]SHEET1!$G$1:$G$4
Name CUORG: [2]SHEET1!$I$1:$I$4
Name pag_2: [3]Compra_5!$B$69
Name pag_3: [3]Compra_5!$B$132
Name total: [4]OC215!#REF!
Name total1: [3]Compra_1!$I$311
Name total10: [3]Compra_10!$I$59
Name total100: [4]OC215!#REF!
Name total11: [3]Compra_11!$I$161
Name total12: [3]Compra_12!$I$36
Name total13: [3]Compra_13!$I$36
Name total14: [3]Compra_14!$I$32
Name total15: [3]Compra_15!$I$33
Name total16: [5]Compra_16!$I$33
Name total17: [5]Compra_17!$I$47
Name total18: [5]Compra_18!$I$44
Name total19: [5]Compra_19!$I$58
Name total1AMP: [3]Compra_1AMP!$I$36
Name total1MOD: [3]Compra_1MOD!$G$141
Name total2: [3]Compra_2!$I$53
Name total20: [5]Compra_20!$I$34
Name total21: [5]Compra_21!$I$35
Name total22: [5]Compra_22!$I$106
Name total23: [5]Compra_23!$I$101
Name total24: [5]Compra_24!$I$102
Name total25: [5]Compra_25!$I$36
Name total26: [5]Compra_26!$I$102
Name total27: [5]Compra_27!$I$105
Name total28: [5]Compra_28!$I$101
Name total29: [5]Compra_29!$I$106
Name total3: [3]Compra_3!$I$50
Name total30: [5]Compra_30!$I$105
Name total31: [6]Compra_31!$I$102
Name total32: [6]Compra_32!$I$105
Name total33: [6]Compra_33!$I$106
Name total34: [6]Compra_34!$I$46
Name total35: [6]Compra_35!$I$33
Name total36: [6]Compra_36!$I$33
Name total37: [6]Compra_37!$I$47
Name total38: [6]Compra_38!$I$45
Name total39: [6]Compra_39!$I$45
Name total4: [3]Compra_4!$I$33
Name total40: [6]Compra_40!$I$40
Name total41: [6]Compra_41!$I$45
Name total42: [6]Compra_42!$I$46
Name total43: [6]Compra_43!$I$46
Name total44: [6]Compra_44!$I$46
Name total45: [6]Compra_45!$I$112
Name total45AMP: [6]Compra_45AMP!$I$33

Sheet CONSOLIDADO
E1: LISTADO DE ACTIVIDADES
K3: RV.00
K4: Fecha de versión
A5: Obra: Defensas Ribereñas Río Lacramarca
A6: Dirección: Nuevo Chimbote - Ancash
A7: DATOS DEL OFERTANTE:
A8: Razon Social:
A9: Domicilio:
A10: Teléfono/Fax:
A11: Contacto:
K12: FECHA LIMITE ENTREGA OFERTA:
A13: ITEM | B13: U/M | C13: CANTIDAD | E13: DESCRIPCION | K13: Prec. Unit. | L13: Prec. Total
A14: EJECUCIÓN DEL SUBPROYCTO A3
A15: 1 | E15: DEFENSAS RIBEREÑAS
A16: 1.1 | E16: OBRAS PRELIMINARES | F16: OBRAS PRELIMINARES | G16: OBRAS PRELIMINARES | H16: OBRAS PRELIMINARES | I16: OBRAS PRELIMINARES | J16: OBRAS PRELIMINARES
A17: 1.1.1 | B17: und | C17: 1 | E17: CARTEL DE IDENTIFICACIÓN OBRA 4.80 x 3.60 m. | F17: CARTEL DE IDENTIFICACIÓN OBRA 4.80 x 3.60 m. | G17: CARTEL DE IDENTIFICACIÓN OBRA 4.80 x 3.60 m. | H17: CARTEL DE IDENTIFICACIÓN OBRA 4.80 x 3.60 m. | I17: CARTEL DE IDENTIFICACIÓN OBRA 4.80 x 3.60 m. | J17: CARTEL DE IDENTIFICACIÓN OBRA 4.80 x 3.60 m. | L17: =+K17*C17 -> 0
A18: 1.1.2 | B18: glb | C18: 1 | E18: INSTALACIONES PROVISIONALES PARA LA OBRA | F18: INSTALACIONES PROVISIONALES PARA LA OBRA | G18: INSTALACIONES PROVISIONALES PARA LA OBRA | H18: INSTALACIONES PROVISIONALES PARA LA OBRA | I18: INSTALACIONES PROVISIONALES PARA LA OBRA | J18: INSTALACIONES PROVISIONALES PARA LA OBRA | L18: =+K18*C18 -> 0
A19: 1.1.3 | B19: mes | C19: 7.17 | E19: MANTENIMIENTO DE TRÁNSITO Y SEGURIDAD VIAL | F19: MANTENIMIENTO DE TRÁNSITO Y SEGURIDAD VIAL | G19: MANTENIMIENTO DE TRÁNSITO Y SEGURIDAD VIAL | H19: MANTENIMIENTO DE TRÁNSITO Y SEGURIDAD VIAL | I19: MANTENIMIENTO DE TRÁNSITO Y SEGURIDAD VIAL | J19: MANTENIMIENTO DE TRÁNSITO Y SEGURIDAD VIAL | L19: =+K19*C19 -> 0
A20: 1.2 | E20: TRABAJOS PRELIMINARES | F20: TRABAJOS PRELIMINARES | G20: TRABAJOS PRELIMINARES | H20: TRABAJOS PRELIMINARES | I20: TRABAJOS PRELIMINARES | J20: TRABAJOS PRELIMINARES
A21: 1.2.1 | B21: glb | C21: 1 | E21: MOVILIZACION Y DESMOVILIZACION DE EQUIPOS | F21: MOVILIZACION Y DESMOVILIZACION DE EQUIPOS | G21: MOVILIZACION Y DESMOVILIZACION DE EQUIPOS | H21: MOVILIZACION Y DESMOVILIZACION DE EQUIPOS | I21: MOVILIZACION Y DESMOVILIZACION DE EQUIPOS | J21: MOVILIZACION Y DESMOVILIZACION DE EQUIPOS | L21: =+K21*C21 -> 0
A22: 1.2.2 | B22: mes | C22: 6.87 | E22: TOPOGRAFÍA Y GEOREFERENCIACIÓN | F22: TOPOGRAFÍA Y GEOREFERENCIACIÓN | G22: TOPOGRAFÍA Y GEOREFERENCIACIÓN | H22: TOPOGRAFÍA Y GEOREFERENCIACIÓN | I22: TOPOGRAFÍA Y GEOREFERENCIACIÓN | J22: TOPOGRAFÍA Y GEOREFERENCIACIÓN | L22: =+K22*C22 -> 0
A23: 1.3 | E23: MEJORAMIENTO DE VÍAS EXISTENTES | F23: MEJORAMIENTO DE VÍAS EXISTENTES | G23: MEJORAMIENTO DE VÍAS EXISTENTES | H23: MEJORAMIENTO DE VÍAS EXISTENTES | I23: MEJORAMIENTO DE VÍAS EXISTENTES | J23: MEJORAMIENTO DE VÍAS EXISTENTES
A24: 1.3.1 | E24: MOVIMIENTO DE TIERRAS | F24: MOVIMIENTO DE TIERRAS | G24: MOVIMIENTO DE TIERRAS | H24: MOVIMIENTO DE TIERRAS | I24: MOVIMIENTO DE TIERRAS | J24: MOVIMIENTO DE TIERRAS
A25: 1.3.1.1 | B25: m2 | C25: 933 | E25: ROCE Y LIMPIEZA DE MALEZA | F25: ROCE Y LIMPIEZA DE MALEZA | G25: ROCE Y LIMPIEZA DE MALEZA | H25: ROCE Y LIMPIEZA DE MALEZA | I25: ROCE Y LIMPIEZA DE MALEZA | J25: ROCE Y LIMPIEZA DE MALEZA | L25: =+K25*C25 -> 0
A26: 1.3.1.2 | B26: km | C26: 4.61 | E26: MEJORAMIENTO DE VIAS EXISTENTES | F26: MEJORAMIENTO DE VIAS EXISTENTES | G26: MEJORAMIENTO DE VIAS EXISTENTES | H26: MEJORAMIENTO DE VIAS EXISTENTES | I26: MEJORAMIENTO DE VIAS EXISTENTES | J26: MEJORAMIENTO DE VIAS EXISTENTES | L26: =+K26*C26 -> 0
A27: 1.3.2 | E27: REPOSICIÓN DE ESTRUCTURAS | F27: REPOSICIÓN DE ESTRUCTURAS | G27: REPOSICIÓN DE ESTRUCTURAS | H27: REPOSICIÓN DE ESTRUCTURAS | I27: REPOSICIÓN DE ESTRUCTURAS | J27: REPOSICIÓN DE ESTRUCTURAS
A28: 1.3.2.1 | B28: m3 | C28: 5.6 | E28: DEMOLICIÓN DE ESTRUCTURAS EXISTENTES | F28: DEMOLICIÓN DE ESTRUCTURAS EXISTENTES | G28: DEMOLICIÓN DE ESTRUCTURAS EXISTENTES | H28: DEMOLICIÓN DE ESTRUCTURAS EXISTENTES | I28: DEMOLICIÓN DE ESTRUCTURAS EXISTENTES | J28: DEMOLICIÓN DE ESTRUCTURAS EXISTENTES | L28: =+K28*C28 -> 0
A29: 1.3.2.2 | B29: m | C29: 5 | E29: REPOSICIÓN DE PASE DE AGUA TUBO HDPE Ø=18" | F29: REPOSICIÓN DE PASE DE AGUA TUBO HDPE Ø=18" | G29: REPOSICIÓN DE PASE DE AGUA TUBO HDPE Ø=18" | H29: REPOSICIÓN DE PASE DE AGUA TUBO HDPE Ø=18" | I29: REPOSICIÓN DE PASE DE AGUA TUBO HDPE Ø=18" | J29: REPOSICIÓN DE PASE DE AGUA TUBO HDPE Ø=18" | L29: =+K29*C29 -> 0
A30: 1.3.2.3 | B30: m | C30: 5 | E30: REPOSICIÓN DE PASE DE AGUA TUBO HDPE Ø=36" | F30: REPOSICIÓN DE PASE DE AGUA TUBO HDPE Ø=36" | G30: REPOSICIÓN DE PASE DE AGUA TUBO HDPE Ø=36" | H30: REPOSICIÓN DE PASE DE AGUA TUBO HDPE Ø=36" | I30: REPOSICIÓN DE PASE DE AGUA TUBO HDPE Ø=36" | J30: REPOSICIÓN DE PASE DE AGUA TUBO HDPE Ø=36" | L30: =+K30*C30 -> 0
A31: 1.3.2.4 | B31: und | C31: 7 | E31: SUMINISTRO Y MONTAJE DE PANELES DE C°A° 1.6mx1.0mx0.20m EN PASE DE AGUA | F31: SUMINISTRO Y MONTAJE DE PANELES DE C°A° 1.6mx1.0mx0.20m EN PASE DE AGUA | G31: SUMINISTRO Y MONTAJE DE PANELES DE C°A° 1.6mx1.0mx0.20m EN PASE DE AGUA | H31: SUMINISTRO Y MONTAJE DE PANELES DE C°A° 1.6mx1.0mx0.20m EN PASE DE AGUA | I31: SUMINISTRO Y MONTAJE DE PANELES DE C°A° 1.6mx1.0mx0.20m EN PASE DE AGUA | J31: SUMINISTRO Y MONTAJE DE PANELES DE C°A° 1.6mx1.0mx0.20m EN PASE DE AGUA | L31: =+K31*C31 -> 0
A32: 1.3.2.5 | B32: und | C32: 5 | E32: SUMINISTRO Y MONTAJE DE PANELES DE C°A° 2.20mx1.0mx0.20m EN PASE DE AGUA | F32: SUMINISTRO Y MONTAJE DE PANELES DE C°A° 2.20mx1.0mx0.20m EN PASE DE AGUA | G32: SUMINISTRO Y MONTAJE DE PANELES DE C°A° 2.20mx1.0mx0.20m EN PASE DE AGUA | H32: SUMINISTRO Y MONTAJE DE PANELES DE C°A° 2.20mx1.0mx0.20m EN PASE DE AGUA | I32: SUMINISTRO Y MONTAJE DE PANELES DE C°A° 2.20mx1.0mx0.20m EN PASE DE AGUA | J32: SUMINISTRO Y MONTAJE DE PANELES DE C°A° 2.20mx1.0mx0.20m EN PASE DE AGUA | L32: =+K32*C32 -> 0
A33: 1.3.3 | E33: CABEZAL DE ENTRADA Y SALIDA | F33: CABEZAL DE ENTRADA Y SALIDA | G33: CABEZAL DE ENTRADA Y SALIDA | H33: CABEZAL DE ENTRADA Y SALIDA | I33: CABEZAL DE ENTRADA Y SALIDA | J33: CABEZAL DE ENTRADA Y SALIDA
A34: 1.3.3.1 | B34: m3 | C34: 3.0164 | E34: CONCRETOS | F34: CONCRETOS | G34: CONCRETOS | H34: CONCRETOS | I34: CONCRETOS | J34: CONCRETOS | L34: =+K34*C34 -> 0
A35: 1.3.3.2 | B35: m2 | C35: 21.176 | E35: ENCOFRADO Y DESENCOFRADO RECTO | F35: ENCOFRADO Y DESENCOFRADO RECTO | G35: ENCOFRADO Y DESENCOFRADO RECTO | H35: ENCOFRADO Y DESENCOFRADO RECTO | I35: ENCOFRADO Y DESENCOFRADO RECTO | J35: ENCOFRADO Y DESENCOFRADO RECTO | L35: =+K35*C35 -> 0
A36: 1.4 | E36: DESCOLMATACIÓN DE CAUCE y OBRAS AUXILIARES | F36: DESCOLMATACIÓN DE CAUCE y OBRAS AUXILIARES | G36: DESCOLMATACIÓN DE CAUCE y OBRAS AUXILIARES | H36: DESCOLMATACIÓN DE CAUCE y OBRAS AUXILIARES | I36: DESCOLMATACIÓN DE CAUCE y OBRAS AUXILIARES | J36: DESCOLMATACIÓN DE CAUCE y OBRAS AUXILIARES
A37: 1.4.1 | B37: m2 | C37: 304613 | E37: DESBROCE Y LIMPIEZA EN ZONA NO BOSCOSA | F37: DESBROCE Y LIMPIEZA EN ZONA NO BOSCOSA | G37: DESBROCE Y LIMPIEZA EN ZONA NO BOSCOSA | H37: DESBROCE Y LIMPIEZA EN ZONA NO BOSCOSA | I37: DESBROCE Y LIMPIEZA EN ZONA NO BOSCOSA | J37: DESBROCE Y LIMPIEZA EN ZONA NO BOSCOSA | L37: =+K37*C37 -> 0
A38: 1.4.2 | B38: m3 | C38: 116188.11 | E38: DESCOLMATACIÓN DE CAUCE NATURAL DEL RÍO LACRAMARCA | F38: DESCOLMATACIÓN DE CAUCE NATURAL DEL RÍO LACRAMARCA | G38: DESCOLMATACIÓN DE CAUCE NATURAL DEL RÍO LACRAMARCA | H38: DESCOLMATACIÓN DE CAUCE NATURAL DEL RÍO LACRAMARCA | I38: DESCOLMATACIÓN DE CAUCE NATURAL DEL RÍO LACRAMARCA | J38: DESCOLMATACIÓN DE CAUCE NATURAL DEL RÍO LACRAMARCA | L38: =+K38*C38 -> 0
A39: 1.4.3 | B39: m3 | C39: 57167 | E39: CONFORMACIÓN DE DESVIO EN CAUCE DE RÍO | F39: CONFORMACIÓN DE DESVIO EN CAUCE DE RÍO | G39: CONFORMACIÓN DE DESVIO EN CAUCE DE RÍO | H39: CONFORMACIÓN DE DESVIO EN CAUCE DE RÍO | I39: CONFORMACIÓN DE DESVIO EN CAUCE DE RÍO | J39: CONFORMACIÓN DE DESVIO EN CAUCE DE RÍO | L39: =+K39*C39 -> 0
A40: 1.4.4 | B40: m3 | C40: 57377 | E40: RELLENO NO ESTRUCTURAL CON MATERIAL PROPIO | F40: RELLENO NO ESTRUCTURAL CON MATERIAL PROPIO | G40: RELLENO NO ESTRUCTURAL CON MATERIAL PROPIO | H40: RELLENO NO ESTRUCTURAL CON MATERIAL PROPIO | I40: RELLENO NO ESTRUCTURAL CON MATERIAL PROPIO | J40: RELLENO NO ESTRUCTURAL CON MATERIAL PROPIO | L40: =+K40*C40 -> 0
A41: 1.5 | E41: DIQUES DE TIERRA COMPACTADA CON ENROCADO | F41: DIQUES DE TIERRA COMPACTADA CON ENROCADO | G41: DIQUES DE TIERRA COMPACTADA CON ENROCADO | H41: DIQUES DE TIERRA COMPACTADA CON ENROCADO | I41: DIQUES DE TIERRA COMPACTADA CON ENROCADO | J41: DIQUES DE TIERRA COMPACTADA CON ENROCADO
A42: 1.5.1 | E42: DIQUE DE TIERRA COMPACTADA A3-D-01 | F42: DIQUE DE TIERRA COMPACTADA A3-D-01 | G42: DIQUE DE TIERRA COMPACTADA A3-D-01 | H42: DIQUE DE TIERRA COMPACTADA A3-D-01 | I42: DIQUE DE TIERRA COMPACTADA A3-D-01 | J42: DIQUE DE TIERRA COMPACTADA A3-D-01
A43: 1.5.1.1 | B43: m3 | C43: 6167.174 | E43: EXCAVACIÓN EN TERRENO NATURAL CON EQUIPO | F43: EXCAVACIÓN EN TERRENO NATURAL CON EQUIPO | G43: EXCAVACIÓN EN TERRENO NATURAL CON EQUIPO | H43: EXCAVACIÓN EN TERRENO NATURAL CON EQUIPO | I43: EXCAVACIÓN EN TERRENO NATURAL CON EQUIPO | J43: EXCAVACIÓN EN TERRENO NATURAL CON EQUIPO | L43: =+K43*C43 -> 0
A44: 1.5.1.2 | B44: m3 | C44: 2325.015 | E44: EXCAVACIÓN DE UÑA CON EQUIPO | F44: EXCAVACIÓN DE UÑA CON EQUIPO | G44: EXCAVACIÓN DE UÑA CON EQUIPO | H44: EXCAVACIÓN DE UÑA CON EQUIPO | I44: EXCAVACIÓN DE UÑA CON EQUIPO | J44: EXCAVACIÓN DE UÑA CON EQUIPO | L44: =+K44*C44 -> 0
A45: 1.5.1.3 | B45: m2 | C45: 11192.097 | E45: PERFILADO Y COMPACTACIÓN EN ZONA DE CORTE | F45: PERFILADO Y COMPACTACIÓN EN ZONA DE CORTE | G45: PERFILADO Y COMPACTACIÓN EN ZONA DE CORTE | H45: PERFILADO Y COMPACTACIÓN EN ZONA DE CORTE | I45: PERFILADO Y COMPACTACIÓN EN ZONA DE CORTE | J45: PERFILADO Y COMPACTACIÓN EN ZONA DE CORTE | L45: =+K45*C45 -> 0
A46: 1.5.1.4 | B46: m3 | C46: 1639.2 | E46: CONFORMACIÓN DE CUERPO DE DIQUE CON MATERIAL PROPIO | F46: CONFORMACIÓN DE CUERPO DE DIQUE CON MATERIAL PROPIO | G46: CONFORMACIÓN DE CUERPO DE DIQUE CON MATERIAL PROPIO | H46: CONFORMACIÓN DE CUERPO DE DIQUE CON MATERIAL PROPIO | I46: CONFORMACIÓN DE CUERPO DE DIQUE CON MATERIAL PROPIO | J46: CONFORMACIÓN DE CUERPO DE DIQUE CON MATERIAL PROPIO | L46: =+K46*C46 -> 0
A47: 1.5.1.5 | B47: m3 | C47: 999.6428 | E47: CONFORMACIÓN DE CORONA DE DIQUE CON MATERIAL PROPIO | F47: CONFORMACIÓN DE CORONA DE DIQUE CON MATERIAL PROPIO | G47: CONFORMACIÓN DE CORONA DE DIQUE CON MATERIAL PROPIO | H47: CONFORMACIÓN DE CORONA DE DIQUE CON MATERIAL PROPIO | I47: CONFORMACIÓN DE CORONA DE DIQUE CON MATERIAL PROPIO | J47: CONFORMACIÓN DE CORONA DE DIQUE CON MATERIAL PROPIO | L47: =+K47*C47 -> 0
A48: 1.5.1.6 | B48: m2 | C48: 5381.812 | E48: GEOTEXTIL NO TEJIDO 400 G/M2, INC. COLOCACIÓN | F48: GEOTEXTIL NO TEJIDO 400 G/M2, INC. COLOCACIÓN | G48: GEOTEXTIL NO TEJIDO 400 G/M2, INC. COLOCACIÓN | H48: GEOTEXTIL NO TEJIDO 400 G/M2, INC. COLOCACIÓN | I48: GEOTEXTIL NO TEJIDO 400 G/M2, INC. COLOCACIÓN | J48: GEOTEXTIL NO TEJIDO 400 G/M2, INC. COLOCACIÓN | L48: =+K48*C48 -> 0
A49: 1.5.1.7 | B49: m3 | C49: 2325.015 | E49: COLOCACION Y ACOMODO DE ROCA EN UÑA DE DIQUE | F49: COLOCACION Y ACOMODO DE ROCA EN UÑA DE DIQUE | G49: COLOCACION Y ACOMODO DE ROCA EN UÑA DE DIQUE | H49: COLOCACION Y ACOMODO DE ROCA EN UÑA DE DIQUE | I49: COLOCACION Y ACOMODO DE ROCA EN UÑA DE DIQUE | J49: COLOCACION Y ACOMODO DE ROCA EN UÑA DE DIQUE | L49: =+K49*C49 -> 0
A50: 1.5.1.8 | B50: m3 | C50: 3493.3658 | E50: COLOCACION Y ACOMODO DE ROCA EN TALUD DE DIQUE | F50: COLOCACION Y ACOMODO DE ROCA EN TALUD DE DIQUE | G50: COLOCACION Y ACOMODO DE ROCA EN TALUD DE DIQUE | H50: COLOCACION Y ACOMODO DE ROCA EN TALUD DE DIQUE | I50: COLOCACION Y ACOMODO DE ROCA EN TALUD DE DIQUE | J50: COLOCACION Y ACOMODO DE ROCA EN TALUD DE DIQUE | L50: =+K50*C50 -> 0
A51: 1.5.1.9 | B51: m2 | C51: 2554.07 | E51: PREPARACIÓN DE FUNDACIÓN DE CUERPO DE DIQUE | F51: PREPARACIÓN DE FUNDACIÓN DE CUERPO DE DIQUE | G51: PREPARACIÓN DE FUNDACIÓN DE CUERPO DE DIQUE | H51: PREPARACIÓN DE FUNDACIÓN DE CUERPO DE DIQUE | I51: PREPARACIÓN DE FUNDACIÓN DE CUERPO DE DIQUE | J51: PREPARACIÓN DE FUNDACIÓN DE CUERPO DE DIQUE | L51: =+K51*C51 -> 0
A52: 1.5.2 | E52: DIQUE DE TIERRA COMPACTADA A3-D-02 | F52: DIQUE DE TIERRA COMPACTADA A3-D-02 | G52: DIQUE DE TIERRA COMPACTADA A3-D-02 | H52: DIQUE DE TIERRA COMPACTADA A3-D-02 | I52: DIQUE DE TIERRA COMPACTADA A3-D-02 | J52: DIQUE DE TIERRA COMPACTADA A3-D-02
A53: 1.5.2.1 | B53: m3 | C53: 53286.001 | E53: EXCAVACIÓN EN TERRENO NATURAL CON EQUIPO | F53: EXCAVACIÓN EN TERRENO NATURAL CON EQUIPO | G53: EXCAVACIÓN EN TERRENO NATURAL CON EQUIPO | H53: EXCAVACIÓN EN TERRENO NATURAL CON EQUIPO | I53: EXCAVACIÓN EN TERRENO NATURAL CON EQUIPO | J53: EXCAVACIÓN EN TERRENO NATURAL CON EQUIPO | L53: =+K53*C53 -> 0
A54: 1.5.2.2 | B54: m3 | C54: 16718.988 | E54: EXCAVACIÓN DE UÑA CON EQUIPO | F54: EXCAVACIÓN DE UÑA CON EQUIPO | G54: EXCAVACIÓN DE UÑA CON EQUIPO | H54: EXCAVACIÓN DE UÑA CON EQUIPO | I54: EXCAVACIÓN DE UÑA CON EQUIPO | J54: EXCAVACIÓN DE UÑA CON EQUIPO | L54: =+K54*C54 -> 0
A55: 1.5.2.3 | B55: m2 | C55: 69692.956 | E55: PERFILADO Y COMPACTACIÓN EN ZONA DE CORTE | F55: PERFILADO Y COMPACTACIÓN EN ZONA DE CORTE | G55: PERFILADO Y COMPACTACIÓN EN ZONA DE CORTE | H55: PERFILADO Y COMPACTACIÓN EN ZONA DE CORTE | I55: PERFILADO Y COMPACTACIÓN EN ZONA DE CORTE | J55: PERFILADO Y COMPACTACIÓN EN ZONA DE CORTE | L55: =+K55*C55 -> 0
A56: 1.5.2.4 | B56: m3 | C56: 6940.8868 | E56: CONFORMACIÓN DE CUERPO DE DIQUE CON MATERIAL PROPIO | F56: CONFORMACIÓN DE CUERPO DE DIQUE CON MATERIAL PROPIO | G56: CONFORMACIÓN DE CUERPO DE DIQUE CON MATERIAL PROPIO | H56: CONFORMACIÓN DE CUERPO DE DIQUE CON MATERIAL PROPIO | I56: CONFORMACIÓN DE CUERPO DE DIQUE CON MATERIAL PROPIO | J56: CONFORMACIÓN DE CUERPO DE DIQUE CON MATERIAL PROPIO | L56: =+K56*C56 -> 0
A57: 1.5.2.5 | B57: m3 | C57: 5049.9626 | E57: CONFORMACIÓN DE CORONA DE DIQUE CON MATERIAL PROPIO | F57: CONFORMACIÓN DE CORONA DE DIQUE CON MATERIAL PROPIO | G57: CONFORMACIÓN DE CORONA DE DIQUE CON MATERIAL PROPIO | H57: CONFORMACIÓN DE CORONA DE DIQUE CON MATERIAL PROPIO | I57: CONFORMACIÓN DE CORONA DE DIQUE CON MATERIAL PROPIO | J57: CONFORMACIÓN DE CORONA DE DIQUE CON MATERIAL PROPIO | L57: =+K57*C57 -> 0
A58: 1.5.2.6 | B58: m2 | C58: 24364.34 | E58: GEOTEXTIL NO TEJIDO 400 G/M2, INC. COLOCACIÓN | F58: GEOTEXTIL NO TEJIDO 400 G/M2, INC. COLOCACIÓN | G58: GEOTEXTIL NO TEJIDO 400 G/M2, INC. COLOCACIÓN | H58: GEOTEXTIL NO TEJIDO 400 G/M2, INC. COLOCACIÓN | I58: GEOTEXTIL NO TEJIDO 400 G/M2, INC. COLOCACIÓN | J58: GEOTEXTIL NO TEJIDO 400 G/M2, INC. COLOCACIÓN | L58: =+K58*C58 -> 0
A59: 1.5.2.7 | B59: m3 | C59: 16718.988 | E59: COLOCACION Y ACOMODO DE ROCA EN UÑA DE DIQUE | F59: COLOCACION Y ACOMODO DE ROCA EN UÑA DE DIQUE | G59: COLOCACION Y ACOMODO DE ROCA EN UÑA DE DIQUE | H59: COLOCACION Y ACOMODO DE ROCA EN UÑA DE DIQUE | I59: COLOCACION Y ACOMODO DE ROCA EN UÑA DE DIQUE | J59: COLOCACION Y ACOMODO DE ROCA EN UÑA DE DIQUE | L59: =+K59*C59 -> 0
A60: 1.5.2.8 | B60: m3 | C60: 20023.128 | E60: COLOCACION Y ACOMODO DE ROCA EN TALUD DE DIQUE | F60: COLOCACION Y ACOMODO DE ROCA EN TALUD DE DIQUE | G60: COLOCACION Y ACOMODO DE ROCA EN TALUD DE DIQUE | H60: COLOCACION Y ACOMODO DE ROCA EN TALUD DE DIQUE | I60: COLOCACION Y ACOMODO DE ROCA EN TALUD DE DIQUE | J60: COLOCACION Y ACOMODO DE ROCA EN TALUD DE DIQUE | L60: =+K60*C60 -> 0
A61: 1.5.2.9 | B61: m2 | C61: 10381.59 | E61: PREPARACIÓN DE FUNDACIÓN DE CUERPO DE DIQUE | F61: PREPARACIÓN DE FUNDACIÓN DE CUERPO DE DIQUE | G61: PREPARACIÓN DE FUNDACIÓN DE CUERPO DE DIQUE | H61: PREPARACIÓN DE FUNDACIÓN DE CUERPO DE DIQUE | I61: PREPARACIÓN DE FUNDACIÓN DE CUERPO DE DIQUE | J61: PREPARACIÓN DE FUNDACIÓN DE CUERPO DE DIQUE | L61: =+K61*C61 -> 0
A62: 1.5.3 | E62: DIQUE DE TIERRA COMPACTADA A3-I-01 | F62: DIQUE DE TIERRA COMPACTADA A3-I-01 | G62: DIQUE DE TIERRA COMPACTADA A3-I-01 | H62: DIQUE DE TIERRA COMPACTADA A3-I-01 | I62: DIQUE DE TIERRA COMPACTADA A3-I-01 | J62: DIQUE DE TIERRA COMPACTADA A3-I-01
A63: 1.5.3.1 | B63: m3 | C63: 13764.453 | E63: EXCAVACIÓN EN TERRENO NATURAL CON EQUIPO | F63: EXCAVACIÓN EN TERRENO NATURAL CON EQUIPO | G63: EXCAVACIÓN EN TERRENO NATURAL CON EQUIPO | H63: EXCAVACIÓN EN TERRENO NATURAL CON EQUIPO | I63: EXCAVACIÓN EN TERRENO NATURAL CON EQUIPO | J63: EXCAVACIÓN EN TERRENO NATURAL CON EQUIPO | L63: =+K63*C63 -> 0
A64: 1.5.3.2 | B64: m3 | C64: 2275.5425 | E64: EXCAVACIÓN DE UÑA CON EQUIPO | F64: EXCAVACIÓN DE UÑA CON EQUIPO | G64: EXCAVACIÓN DE UÑA CON EQUIPO | H64: EXCAVACIÓN DE UÑA CON EQUIPO | I64: EXCAVACIÓN DE UÑA CON EQUIPO | J64: EXCAVACIÓN DE UÑA CON EQUIPO | L64: =+K64*C64 -> 0
A65: 1.5.3.3 | B65: m2 | C65: 9800.3891 | E65: PERFILADO Y COMPACTACIÓN EN ZONA DE CORTE | F65: PERFILADO Y COMPACTACIÓN EN ZONA DE CORTE | G65: PERFILADO Y COMPACTACIÓN EN ZONA DE CORTE | H65: PERFILADO Y COMPACTACIÓN EN ZONA DE CORTE | I65: PERFILADO Y COMPACTACIÓN EN ZONA DE CORTE | J65: PERFILADO Y COMPACTACIÓN EN ZONA DE CORTE | L65: =+K65*C65 -> 0
A66: 1.5.3.4 | B66: m3 | C66: 2793.1 | E66: CONFORMACIÓN DE CUERPO DE DIQUE CON MATERIAL PROPIO | F66: CONFORMACIÓN DE CUERPO DE DIQUE CON MATERIAL PROPIO | G66: CONFORMACIÓN DE CUERPO DE DIQUE CON MATERIAL PROPIO | H66: CONFORMACIÓN DE CUERPO DE DIQUE CON MATERIAL PROPIO | I66: CONFORMACIÓN DE CUERPO DE DIQUE CON MATERIAL PROPIO | J66: CONFORMACIÓN DE CUERPO DE DIQUE CON MATERIAL PROPIO | L66: =+K66*C66 -> 0
A67: 1.5.3.5 | B67: m3 | C67: 979.3146 | E67: CONFORMACIÓN DE CORONA DE DIQUE CON MATERIAL PROPIO | F67: CONFORMACIÓN DE CORONA DE DIQUE CON MATERIAL PROPIO | G67: CONFORMACIÓN DE CORONA DE DIQUE CON MATERIAL PROPIO | H67: CONFORMACIÓN DE CORONA DE DIQUE CON MATERIAL PROPIO | I67: CONFORMACIÓN DE CORONA DE DIQUE CON MATERIAL PROPIO | J67: CONFORMACIÓN DE CORONA DE DIQUE CON MATERIAL PROPIO | L67: =+K67*C67 -> 0
A68: 1.5.3.6 | B68: m2 | C68: 5276.5788 | E68: GEOTEXTIL NO TEJIDO 400 G/M2, INC. COLOCACIÓN | F68: GEOTEXTIL NO TEJIDO 400 G/M2, INC. COLOCACIÓN | G68: GEOTEXTIL NO TEJIDO 400 G/M2, INC. COLOCACIÓN | H68: GEOTEXTIL NO TEJIDO 400 G/M2, INC. COLOCACIÓN | I68: GEOTEXTIL NO TEJIDO 400 G/M2, INC. COLOCACIÓN | J68: GEOTEXTIL NO TEJIDO 400 G/M2, INC. COLOCACIÓN | L68: =+K68*C68 -> 0
A69: 1.5.3.7 | B69: m3 | C69: 2275.5425 | E69: COLOCACION Y ACOMODO DE ROCA EN UÑA DE DIQUE | F69: COLOCACION Y ACOMODO DE ROCA EN UÑA DE DIQUE | G69: COLOCACION Y ACOMODO DE ROCA EN UÑA DE DIQUE | H69: COLOCACION Y ACOMODO DE ROCA EN UÑA DE DIQUE | I69: COLOCACION Y ACOMODO DE ROCA EN UÑA DE DIQUE | J69: COLOCACION Y ACOMODO DE ROCA EN UÑA DE DIQUE | L69: =+K69*C69 -> 0
A70: 1.5.3.8 | B70: m3 | C70: 3426.2631 | E70: COLOCACION Y ACOMODO DE ROCA EN TALUD DE DIQUE | F70: COLOCACION Y ACOMODO DE ROCA EN TALUD DE DIQUE | G70: COLOCACION Y ACOMODO DE ROCA EN TALUD DE DIQUE | H70: COLOCACION Y ACOMODO DE ROCA EN TALUD DE DIQUE | I70: COLOCACION Y ACOMODO DE ROCA EN TALUD DE DIQUE | J70: COLOCACION Y ACOMODO DE ROCA EN TALUD DE DIQUE | L70: =+K70*C70 -> 0
A71: 1.5.3.9 | B71: m2 | C71: 3409.07 | E71: PREPARACIÓN DE FUNDACIÓN DE CUERPO DE DIQUE | F71: PREPARACIÓN DE FUNDACIÓN DE CUERPO DE DIQUE | G71: PREPARACIÓN DE FUNDACIÓN DE CUERPO DE DIQUE | H71: PREPARACIÓN DE FUNDACIÓN DE CUERPO DE DIQUE | I71: PREPARACIÓN DE FUNDACIÓN DE CUERPO DE DIQUE | J71: PREPARACIÓN DE FUNDACIÓN DE CUERPO DE DIQUE | L71: =+K71*C71 -> 0
A72: 1.5.4 | E72: DIQUE DE TIERRA COMPACTADA A3-I-02 | F72: DIQUE DE TIERRA COMPACTADA A3-I-02 | G72: DIQUE DE TIERRA COMPACTADA A3-I-02 | H72: DIQUE DE TIERRA COMPACTADA A3-I-02 | I72: DIQUE DE TIERRA COMPACTADA A3-I-02 | J72: DIQUE DE TIERRA COMPACTADA A3-I-02
A73: 1.5.4.1 | B73: m3 | C73: 18781.327 | E73: EXCAVACIÓN EN TERRENO NATURAL CON EQUIPO | F73: EXCAVACIÓN EN TERRENO NATURAL CON EQUIPO | G73: EXCAVACIÓN EN TERRENO NATURAL CON EQUIPO | H73: EXCAVACIÓN EN TERRENO NATURAL CON EQUIPO | I73: EXCAVACIÓN EN TERRENO NATURAL CON EQUIPO | J73: EXCAVACIÓN EN TERRENO NATURAL CON EQUIPO | L73: =+K73*C73 -> 0
A74: 1.5.4.2 | B74: m3 | C74: 3101.0672 | E74: EXCAVACIÓN DE UÑA CON EQUIPO | F74: EXCAVACIÓN DE UÑA CON EQUIPO | G74: EXCAVACIÓN DE UÑA CON EQUIPO | H74: EXCAVACIÓN DE UÑA CON EQUIPO | I74: EXCAVACIÓN DE UÑA CON EQUIPO | J74: EXCAVACIÓN DE UÑA CON EQUIPO | L74: =+K74*C74 -> 0
A75: 1.5.4.3 | B75: m2 | C75: 12204.129 | E75: PERFILADO Y COMPACTACIÓN EN ZONA DE CORTE | F75: PERFILADO Y COMPACTACIÓN EN ZONA DE CORTE | G75: PERFILADO Y COMPACTACIÓN EN ZONA DE CORTE | H75: PERFILADO Y COMPACTACIÓN EN ZONA DE CORTE | I75: PERFILADO Y COMPACTACIÓN EN ZONA DE CORTE | J75: PERFILADO Y COMPACTACIÓN EN ZONA DE CORTE | L75: =+K75*C75 -> 0
A76: 1.5.4.4 | B76: m3 | C76: 578.5588 | E76: CONFORMACIÓN DE CUERPO DE DIQUE CON MATERIAL PROPIO | F76: CONFORMACIÓN DE CUERPO DE DIQUE CON MATERIAL PROPIO | G76: CONFORMACIÓN DE CUERPO DE DIQUE CON MATERIAL PROPIO | H76: CONFORMACIÓN DE CUERPO DE DIQUE CON MATERIAL PROPIO | I76: CONFORMACIÓN DE CUERPO DE DIQUE CON MATERIAL PROPIO | J76: CONFORMACIÓN DE CUERPO DE DIQUE CON MATERIAL PROPIO | L76: =+K76*C76 -> 0
A77: 1.5.4.5 | B77: m3 | C77: 1160.9276 | E77: CONFORMACIÓN DE CORONA DE DIQUE CON MATERIAL PROPIO | F77: CONFORMACIÓN DE CORONA DE DIQUE CON MATERIAL PROPIO | G77: CONFORMACIÓN DE CORONA DE DIQUE CON MATERIAL PROPIO | H77: CONFORMACIÓN DE CORONA DE DIQUE CON MATERIAL PROPIO | I77: CONFORMACIÓN DE CORONA DE DIQUE CON MATERIAL PROPIO | J77: CONFORMACIÓN DE CORONA DE DIQUE CON MATERIAL PROPIO | L77: =+K77*C77 -> 0
A78: 1.5.4.6 | B78: m2 | C78: 4752.048 | E78: GEOTEXTIL NO TEJIDO 400 G/M2, INC. COLOCACIÓN | F78: GEOTEXTIL NO TEJIDO 400 G/M2, INC. COLOCACIÓN | G78: GEOTEXTIL NO TEJIDO 400 G/M2, INC. COLOCACIÓN | H78: GEOTEXTIL NO TEJIDO 400 G/M2, INC. COLOCACIÓN | I78: GEOTEXTIL NO TEJIDO 400 G/M2, INC. COLOCACIÓN | J78: GEOTEXTIL NO TEJIDO 400 G/M2, INC. COLOCACIÓN | L78: =+K78*C78 -> 0
A79: 1.5.4.7 | B79: m3 | C79: 3101.0672 | E79: COLOCACION Y ACOMODO DE ROCA EN UÑA DE DIQUE | F79: COLOCACION Y ACOMODO DE ROCA EN UÑA DE DIQUE | G79: COLOCACION Y ACOMODO DE ROCA EN UÑA DE DIQUE | H79: COLOCACION Y ACOMODO DE ROCA EN UÑA DE DIQUE | I79: COLOCACION Y ACOMODO DE ROCA EN UÑA DE DIQUE | J79: COLOCACION Y ACOMODO DE ROCA EN UÑA DE DIQUE | L79: =+K79*C79 -> 0
A80: 1.5.4.8 | B80: m3 | C80: 3837.2028 | E80: COLOCACION Y ACOMODO DE ROCA EN TALUD DE DIQUE | F80: COLOCACION Y ACOMODO DE ROCA EN TALUD DE DIQUE | G80: COLOCACION Y ACOMODO DE ROCA EN TALUD DE DIQUE | H80: COLOCACION Y ACOMODO DE ROCA EN TALUD DE DIQUE | I80: COLOCACION Y ACOMODO DE ROCA EN TALUD DE DIQUE | J80: COLOCACION Y ACOMODO DE ROCA EN TALUD DE DIQUE | L80: =+K80*C80 -> 0
A81: 1.5.4.9 | B81: m2 | C81: 1415.645 | E81: PREPARACIÓN DE FUNDACIÓN DE CUERPO DE DIQUE | F81: PREPARACIÓN DE FUNDACIÓN DE CUERPO DE DIQUE | G81: PREPARACIÓN DE FUNDACIÓN DE CUERPO DE DIQUE | H81: PREPARACIÓN DE FUNDACIÓN DE CUERPO DE DIQUE | I81: PREPARACIÓN DE FUNDACIÓN DE CUERPO DE DIQUE | J81: PREPARACIÓN DE FUNDACIÓN DE CUERPO DE DIQUE | L81: =+K81*C81 -> 0
A82: 1.5.5 | E82: DIQUE DE TIERRA COMPACTADA A3-I-03 | F82: DIQUE DE TIERRA COMPACTADA A3-I-03 | G82: DIQUE DE TIERRA COMPACTADA A3-I-03 | H82: DIQUE DE TIERRA COMPACTADA A3-I-03 | I82: DIQUE DE TIERRA COMPACTADA A3-I-03 | J82: DIQUE DE TIERRA COMPACTADA A3-I-03
A83: 1.5.5.1 | B83: m3 | C83: 34520.4 | E83: EXCAVACIÓN EN TERRENO NATURAL CON EQUIPO | F83: EXCAVACIÓN EN TERRENO NATURAL CON EQUIPO | G83: EXCAVACIÓN EN TERRENO NATURAL CON EQUIPO | H83: EXCAVACIÓN EN TERRENO NATURAL CON EQUIPO | I83: EXCAVACIÓN EN TERRENO NATURAL CON EQUIPO | J83: EXCAVACIÓN EN TERRENO NATURAL CON EQUIPO | L83: =+K83*C83 -> 0
A84: 1.5.5.2 | B84: m3 | C84: 13780.8 | E84: EXCAVACIÓN DE UÑA CON EQUIPO | F84: EXCAVACIÓN DE UÑA CON EQUIPO | G84: EXCAVACIÓN DE UÑA CON EQUIPO | H84: EXCAVACIÓN DE UÑA CON EQUIPO | I84: EXCAVACIÓN DE UÑA CON EQUIPO | J84: EXCAVACIÓN DE UÑA CON EQUIPO | L84: =+K84*C84 -> 0
A85: 1.5.5.3 | B85: m2 | C85: 56400.658 | E85: PERFILADO Y COMPACTACIÓN EN ZONA DE CORTE | F85: PERFILADO Y COMPACTACIÓN EN ZONA DE CORTE | G85: PERFILADO Y COMPACTACIÓN EN ZONA DE CORTE | H85: PERFILADO Y COMPACTACIÓN EN ZONA DE CORTE | I85: PERFILADO Y COMPACTACIÓN EN ZONA DE CORTE | J85: PERFILADO Y COMPACTACIÓN EN ZONA DE CORTE | L85: =+K85*C85 -> 0
A86: 1.5.5.4 | B86: m3 | C86: 5646.1 | E86: CONFORMACIÓN DE CUERPO DE DIQUE CON MATERIAL PROPIO | F86: CONFORMACIÓN DE CUERPO DE DIQUE CON MATERIAL PROPIO | G86: CONFORMACIÓN DE CUERPO DE DIQUE CON MATERIAL PROPIO | H86: CONFORMACIÓN DE CUERPO DE DIQUE CON MATERIAL PROPIO | I86: CONFORMACIÓN DE CUERPO DE DIQUE CON MATERIAL PROPIO | J86: CONFORMACIÓN DE CUERPO DE DIQUE CON MATERIAL PROPIO | L86: =+K86*C86 -> 0
A87: 1.5.5.5 | B87: m3 | C87: 4114.4 | E87: CONFORMACIÓN DE CORONA DE DIQUE CON MATERIAL PROPIO | F87: CONFORMACIÓN DE CORONA DE DIQUE CON MATERIAL PROPIO | G87: CONFORMACIÓN DE CORONA DE DIQUE CON MATERIAL PROPIO | H87: CONFORMACIÓN DE CORONA DE DIQUE CON MATERIAL PROPIO | I87: CONFORMACIÓN DE CORONA DE DIQUE CON MATERIAL PROPIO | J87: CONFORMACIÓN DE CORONA DE DIQUE CON MATERIAL PROPIO | L87: =+K87*C87 -> 0
A88: 1.5.5.6 | B88: m2 | C88: 19821.78 | E88: GEOTEXTIL NO TEJIDO 400 G/M2, INC. COLOCACIÓN | F88: GEOTEXTIL NO TEJIDO 400 G/M2, INC. COLOCACIÓN | G88: GEOTEXTIL NO TEJIDO 400 G/M2, INC. COLOCACIÓN | H88: GEOTEXTIL NO TEJIDO 400 G/M2, INC. COLOCACIÓN | I88: GEOTEXTIL NO TEJIDO 400 G/M2, INC. COLOCACIÓN | J88: GEOTEXTIL NO TEJIDO 400 G/M2, INC. COLOCACIÓN | L88: =+K88*C88 -> 0
A89: 1.5.5.7 | B89: m3 | C89: 13780.8 | E89: COLOCACION Y ACOMODO DE ROCA EN UÑA DE DIQUE | F89: COLOCACION Y ACOMODO DE ROCA EN UÑA DE DIQUE | G89: COLOCACION Y ACOMODO DE ROCA EN UÑA DE DIQUE | H89: COLOCACION Y ACOMODO DE ROCA EN UÑA DE DIQUE | I89: COLOCACION Y ACOMODO DE ROCA EN UÑA DE DIQUE | J89: COLOCACION Y ACOMODO DE ROCA EN UÑA DE DIQUE | L89: =+K89*C89 -> 0
A90: 1.5.5.8 | B90: m3 | C90: 16644 | E90: COLOCACION Y ACOMODO DE ROCA EN TALUD DE DIQUE | F90: COLOCACION Y ACOMODO DE ROCA EN TALUD DE DIQUE | G90: COLOCACION Y ACOMODO DE ROCA EN TALUD DE DIQUE | H90: COLOCACION Y ACOMODO DE ROCA EN TALUD DE DIQUE | I90: COLOCACION Y ACOMODO DE ROCA EN TALUD DE DIQUE | J90: COLOCACION Y ACOMODO DE ROCA EN TALUD DE DIQUE | L90: =+K90*C90 -> 0
A91: 1.5.5.9 | B91: m2 | C91: 9866.35 | E91: PREPARACIÓN DE FUNDACIÓN DE CUERPO DE DIQUE | F91: PREPARACIÓN DE FUNDACIÓN DE CUERPO DE DIQUE | G91: PREPARACIÓN DE FUNDACIÓN DE CUERPO DE DIQUE | H91: PREPARACIÓN DE FUNDACIÓN DE CUERPO DE DIQUE | I91: PREPARACIÓN DE FUNDACIÓN DE CUERPO DE DIQUE | J91: PREPARACIÓN DE FUNDACIÓN DE CUERPO DE DIQUE | L91: =+K91*C91 -> 0
A92: 1.6 | E92: RAMPAS | F92: RAMPAS | G92: RAMPAS | H92: RAMPAS | I92: RAMPAS | J92: RAMPAS
A93: 1.6.1 | B93: m3 | C93: 427.266 | E93: EXCAVACIÓN EN TERRENO NATURAL CON EQUIPO | F93: EXCAVACIÓN EN TERRENO NATURAL CON EQUIPO | G93: EXCAVACIÓN EN TERRENO NATURAL CON EQUIPO | H93: EXCAVACIÓN EN TERRENO NATURAL CON EQUIPO | I93: EXCAVACIÓN EN TERRENO NATURAL CON EQUIPO | J93: EXCAVACIÓN EN TERRENO NATURAL CON EQUIPO | L93: =+K93*C93 -> 0
A94: 1.6.2 | B94: m3 | C94: 236.81 | E94: CONFORMACIÓN DE CUERPO DE RAMPA CON MATERIAL PROPIO | F94: CONFORMACIÓN DE CUERPO DE RAMPA CON MATERIAL PROPIO | G94: CONFORMACIÓN DE CUERPO DE RAMPA CON MATERIAL PROPIO | H94: CONFORMACIÓN DE CUERPO DE RAMPA CON MATERIAL PROPIO | I94: CONFORMACIÓN DE CUERPO DE RAMPA CON MATERIAL PROPIO | J94: CONFORMACIÓN DE CUERPO DE RAMPA CON MATERIAL PROPIO | L94: =+K94*C94 -> 0
A95: 1.6.3 | B95: m3 | C95: 150.994 | E95: CONFORMACIÓN DE CORONACIÓN DE RAMPA | F95: CONFORMACIÓN DE CORONACIÓN DE RAMPA | G95: CONFORMACIÓN DE CORONACIÓN DE RAMPA | H95: CONFORMACIÓN DE CORONACIÓN DE RAMPA | I95: CONFORMACIÓN DE CORONACIÓN DE RAMPA | J95: CONFORMACIÓN DE CORONACIÓN DE RAMPA | L95: =+K95*C95 -> 0
A96: 2 | E96: OBRAS DE ARTE | F96: OBRAS DE ARTE | G96: OBRAS DE ARTE | H96: OBRAS DE ARTE | I96: OBRAS DE ARTE | J96: OBRAS DE ARTE
A97: 2.1 | E97: CAPTACIÓN A3-CP-23-95 | F97: CAPTACIÓN A3-CP-23-95 | G97: CAPTACIÓN A3-CP-23-95 | H97: CAPTACIÓN A3-CP-23-95 | I97: CAPTACIÓN A3-CP-23-95 | J97: CAPTACIÓN A3-CP-23-95
A98: 2.1.1 | E98: MOVIMIENTO DE TIERRAS | F98: MOVIMIENTO DE TIERRAS | G98: MOVIMIENTO DE TIERRAS | H98: MOVIMIENTO DE TIERRAS | I98: MOVIMIENTO DE TIERRAS | J98: MOVIMIENTO DE TIERRAS
A99: 2.1.1.1 | B99: m3 | C99: 519.94 | E99: EXCAVACIÓN ESTRUCTURAL PARA OBRAS DE ARTE | F99: EXCAVACIÓN ESTRUCTURAL PARA OBRAS DE ARTE | G99: EXCAVACIÓN ESTRUCTURAL PARA OBRAS DE ARTE | H99: EXCAVACIÓN ESTRUCTURAL PARA OBRAS DE ARTE | I99: EXCAVACIÓN ESTRUCTURAL PARA OBRAS DE ARTE | J99: EXCAVACIÓN ESTRUCTURAL PARA OBRAS DE ARTE | L99: =+K99*C99 -> 0
A100: 2.1.1.1 | B100: m3 | C100: 182.13 | E100: RELLENO ESTRUCTURAL PARA OBRAS DE ARTE, CON MATERIAL PROPIO | F100: RELLENO ESTRUCTURAL PARA OBRAS DE ARTE, CON MATERIAL PROPIO | G100: RELLENO ESTRUCTURAL PARA OBRAS DE ARTE, CON MATERIAL PROPIO | H100: RELLENO ESTRUCTURAL PARA OBRAS DE ARTE, CON MATERIAL PROPIO | I100: RELLENO ESTRUCTURAL PARA OBRAS DE ARTE, CON MATERIAL PROPIO | J100: RELLENO ESTRUCTURAL PARA OBRAS DE ARTE, CON MATERIAL PROPIO | L100: =+K100*C100 -> 0
A101: 2.1.2 | E101: OBRAS DE CONCRETO | F101: OBRAS DE CONCRETO | G101: OBRAS DE CONCRETO | H101: OBRAS DE CONCRETO | I101: OBRAS DE CONCRETO | J101: OBRAS DE CONCRETO
...

Sheet DETALLADO
E1: LISTADO DE ACTIVIDADES
K3: RV.00
K4: Fecha de versión
A5: Obra: Defensas Ribereñas Río Lacramarca
A6: Dirección: Nuevo Chimbote - Ancash
A7: DATOS DEL OFERTANTE:
A8: Razon Social:
A9: Domicilio:
A10: Teléfono/Fax:
A11: Contacto:
K12: FECHA LIMITE ENTREGA OFERTA: | L12: =IF(+CONSOLIDADO!L12="","",+CONSOLIDADO!L12)
A13: ITEM | B13: U/M | C13: CANTIDAD | E13: DESCRIPCION | K13: Prec. Unit. | L13: Prec. Total
A14: =IF(+CONSOLIDADO!A14="","",CONSOLIDADO!A14) -> EJECUCIÓN DEL SUBPROYCTO A3
A15: 1 | E15: DEFENSAS RIBEREÑAS
A16: 1.1 | E16: OBRAS PRELIMINARES | F16: OBRAS PRELIMINARES | G16: OBRAS PRELIMINARES | H16: OBRAS PRELIMINARES | I16: OBRAS PRELIMINARES | J16: OBRAS PRELIMINARES
A17: 1.1.1 | B17: und | C17: 1 | E17: CARTEL DE IDENTIFICACIÓN OBRA 4.80 x 3.60 m. | F17: CARTEL DE IDENTIFICACIÓN OBRA 4.80 x 3.60 m. | G17: CARTEL DE IDENTIFICACIÓN OBRA 4.80 x 3.60 m. | H17: CARTEL DE IDENTIFICACIÓN OBRA 4.80 x 3.60 m. | I17: CARTEL DE IDENTIFICACIÓN OBRA 4.80 x 3.60 m. | J17: CARTEL DE IDENTIFICACIÓN OBRA 4.80 x 3.60 m. | L17: =+K17*C17 -> 0
A18: 1.1.2 | B18: glb | C18: 1 | E18: INSTALACIONES PROVISIONALES PARA LA OBRA | F18: INSTALACIONES PROVISIONALES PARA LA OBRA | G18: INSTALACIONES PROVISIONALES PARA LA OBRA | H18: INSTALACIONES PROVISIONALES PARA LA OBRA | I18: INSTALACIONES PROVISIONALES PARA LA OBRA | J18: INSTALACIONES PROVISIONALES PARA LA OBRA | L18: =+K18*C18 -> 0
A19: 1.1.3 | B19: mes | C19: 7.17 | E19: MANTENIMIENTO DE TRÁNSITO Y SEGURIDAD VIAL | F19: MANTENIMIENTO DE TRÁNSITO Y SEGURIDAD VIAL | G19: MANTENIMIENTO DE TRÁNSITO Y SEGURIDAD VIAL | H19: MANTENIMIENTO DE TRÁNSITO Y SEGURIDAD VIAL | I19: MANTENIMIENTO DE TRÁNSITO Y SEGURIDAD VIAL | J19: MANTENIMIENTO DE TRÁNSITO Y SEGURIDAD VIAL | L19: =+K19*C19 -> 0
A20: 1.2 | E20: TRABAJOS PRELIMINARES | F20: TRABAJOS PRELIMINARES | G20: TRABAJOS PRELIMINARES | H20: TRABAJOS PRELIMINARES | I20: TRABAJOS PRELIMINARES | J20: TRABAJOS PRELIMINARES
A21: 1.2.1 | B21: glb | C21: 1 | E21: MOVILIZACION Y DESMOVILIZACION DE EQUIPOS | F21: MOVILIZACION Y DESMOVILIZACION DE EQUIPOS | G21: MOVILIZACION Y DESMOVILIZACION DE EQUIPOS | H21: MOVILIZACION Y DESMOVILIZACION DE EQUIPOS | I21: MOVILIZACION Y DESMOVILIZACION DE EQUIPOS | J21: MOVILIZACION Y DESMOVILIZACION DE EQUIPOS | L21: =+K21*C21 -> 0
A22: 1.2.2 | B22: mes | C22: 6.87 | E22: TOPOGRAFÍA Y GEOREFERENCIACIÓN | F22: TOPOGRAFÍA Y GEOREFERENCIACIÓN | G22: TOPOGRAFÍA Y GEOREFERENCIACIÓN | H22: TOPOGRAFÍA Y GEOREFERENCIACIÓN | I22: TOPOGRAFÍA Y GEOREFERENCIACIÓN | J22: TOPOGRAFÍA Y GEOREFERENCIACIÓN | L22: =+K22*C22 -> 0
A23: 1.3 | E23: MEJORAMIENTO DE VÍAS EXISTENTES | F23: MEJORAMIENTO DE VÍAS EXISTENTES | G23: MEJORAMIENTO DE VÍAS EXISTENTES | H23: MEJORAMIENTO DE VÍAS EXISTENTES | I23: MEJORAMIENTO DE VÍAS EXISTENTES | J23: MEJORAMIENTO DE VÍAS EXISTENTES
A24: 1.3.1 | E24: MOVIMIENTO DE TIERRAS | F24: MOVIMIENTO DE TIERRAS | G24: MOVIMIENTO DE TIERRAS | H24: MOVIMIENTO DE TIERRAS | I24: MOVIMIENTO DE TIERRAS | J24: MOVIMIENTO DE TIERRAS
A25: 1.3.1.1 | B25: m2 | C25: 933 | E25: ROCE Y LIMPIEZA DE MALEZA | F25: ROCE Y LIMPIEZA DE MALEZA | G25: ROCE Y LIMPIEZA DE MALEZA | H25: ROCE Y LIMPIEZA DE MALEZA | I25: ROCE Y LIMPIEZA DE MALEZA | J25: ROCE Y LIMPIEZA DE MALEZA | L25: =+K25*C25 -> 0
A26: 1.3.1.2 | B26: km | C26: 4.61 | E26: MEJORAMIENTO DE VIAS EXISTENTES | F26: MEJORAMIENTO DE VIAS EXISTENTES | G26: MEJORAMIENTO DE VIAS EXISTENTES | H26: MEJORAMIENTO DE VIAS EXISTENTES | I26: MEJORAMIENTO DE VIAS EXISTENTES | J26: MEJORAMIENTO DE VIAS EXISTENTES | L26: =+K26*C26 -> 0
A27: 1.3.2 | E27: REPOSICIÓN DE ESTRUCTURAS | F27: REPOSICIÓN DE ESTRUCTURAS | G27: REPOSICIÓN DE ESTRUCTURAS | H27: REPOSICIÓN DE ESTRUCTURAS | I27: REPOSICIÓN DE ESTRUCTURAS | J27: REPOSICIÓN DE ESTRUCTURAS
A28: 1.3.2.1 | B28: m3 | C28: 5.6 | E28: DEMOLICIÓN DE ESTRUCTURAS EXISTENTES | F28: DEMOLICIÓN DE ESTRUCTURAS EXISTENTES | G28: DEMOLICIÓN DE ESTRUCTURAS EXISTENTES | H28: DEMOLICIÓN DE ESTRUCTURAS EXISTENTES | I28: DEMOLICIÓN DE ESTRUCTURAS EXISTENTES | J28: DEMOLICIÓN DE ESTRUCTURAS EXISTENTES | L28: =+K28*C28 -> 0
A29: 1.3.2.2 | B29: m | C29: 5 | E29: REPOSICIÓN DE PASE DE AGUA TUBO HDPE Ø=18" | F29: REPOSICIÓN DE PASE DE AGUA TUBO HDPE Ø=18" | G29: REPOSICIÓN DE PASE DE AGUA TUBO HDPE Ø=18" | H29: REPOSICIÓN DE PASE DE AGUA TUBO HDPE Ø=18" | I29: REPOSICIÓN DE PASE DE AGUA TUBO HDPE Ø=18" | J29: REPOSICIÓN DE PASE DE AGUA TUBO HDPE Ø=18" | L29: =+K29*C29 -> 0
A30: 1.3.2.3 | B30: m | C30: 5 | E30: REPOSICIÓN DE PASE DE AGUA TUBO HDPE Ø=36" | F30: REPOSICIÓN DE PASE DE AGUA TUBO HDPE Ø=36" | G30: REPOSICIÓN DE PASE DE AGUA TUBO HDPE Ø=36" | H30: REPOSICIÓN DE PASE DE AGUA TUBO HDPE Ø=36" | I30: REPOSICIÓN DE PASE DE AGUA TUBO HDPE Ø=36" | J30: REPOSICIÓN DE PASE DE AGUA TUBO HDPE Ø=36" | L30: =+K30*C30 -> 0
A31: 1.3.2.4 | B31: und | C31: 7 | E31: SUMINISTRO Y MONTAJE DE PANELES DE C°A° 1.6mx1.0mx0.20m EN PASE DE AGUA | F31: SUMINISTRO Y MONTAJE DE PANELES DE C°A° 1.6mx1.0mx0.20m EN PASE DE AGUA | G31: SUMINISTRO Y MONTAJE DE PANELES DE C°A° 1.6mx1.0mx0.20m EN PASE DE AGUA | H31: SUMINISTRO Y MONTAJE DE PANELES DE C°A° 1.6mx1.0mx0.20m EN PASE DE AGUA | I31: SUMINISTRO Y MONTAJE DE PANELES DE C°A° 1.6mx1.0mx0.20m EN PASE DE AGUA | J31: SUMINISTRO Y MONTAJE DE PANELES DE C°A° 1.6mx1.0mx0.20m EN PASE DE AGUA | L31: =+K31*C31 -> 0
A32: 1.3.2.5 | B32: und | C32: 5 | E32: SUMINISTRO Y MONTAJE DE PANELES DE C°A° 2.20mx1.0mx0.20m EN PASE DE AGUA | F32: SUMINISTRO Y MONTAJE DE PANELES DE C°A° 2.20mx1.0mx0.20m EN PASE DE AGUA | G32: SUMINISTRO Y MONTAJE DE PANELES DE C°A° 2.20mx1.0mx0.20m EN PASE DE AGUA | H32: SUMINISTRO Y MONTAJE DE PANELES DE C°A° 2.20mx1.0mx0.20m EN PASE DE AGUA | I32: SUMINISTRO Y MONTAJE DE PANELES DE C°A° 2.20mx1.0mx0.20m EN PASE DE AGUA | J32: SUMINISTRO Y MONTAJE DE PANELES DE C°A° 2.20mx1.0mx0.20m EN PASE DE AGUA | L32: =+K32*C32 -> 0
A33: 1.3.3 | E33: CABEZAL DE ENTRADA Y SALIDA | F33: CABEZAL DE ENTRADA Y SALIDA | G33: CABEZAL DE ENTRADA Y SALIDA | H33: CABEZAL DE ENTRADA Y SALIDA | I33: CABEZAL DE ENTRADA Y SALIDA | J33: CABEZAL DE ENTRADA Y SALIDA
A34: 1.3.3.1 | B34: m3 | C34: 3.0164 | E34: CONCRETOS | F34: CONCRETOS | G34: CONCRETOS | H34: CONCRETOS | I34: CONCRETOS | J34: CONCRETOS | L34: =+K34*C34 -> 0
A35: 1.3.3.2 | B35: m2 | C35: 21.176 | E35: ENCOFRADO Y DESENCOFRADO RECTO | F35: ENCOFRADO Y DESENCOFRADO RECTO | G35: ENCOFRADO Y DESENCOFRADO RECTO | H35: ENCOFRADO Y DESENCOFRADO RECTO | I35: ENCOFRADO Y DESENCOFRADO RECTO | J35: ENCOFRADO Y DESENCOFRADO RECTO | L35: =+K35*C35 -> 0
A36: 1.4 | E36: DESCOLMATACIÓN DE CAUCE y OBRAS AUXILIARES | F36: DESCOLMATACIÓN DE CAUCE y OBRAS AUXILIARES | G36: DESCOLMATACIÓN DE CAUCE y OBRAS AUXILIARES | H36: DESCOLMATACIÓN DE CAUCE y OBRAS AUXILIARES | I36: DESCOLMATACIÓN DE CAUCE y OBRAS AUXILIARES | J36: DESCOLMATACIÓN DE CAUCE y OBRAS AUXILIARES
A37: 1.4.1 | B37: m2 | C37: 304613 | E37: DESBROCE Y LIMPIEZA EN ZONA NO BOSCOSA | F37: DESBROCE Y LIMPIEZA EN ZONA NO BOSCOSA | G37: DESBROCE Y LIMPIEZA EN ZONA NO BOSCOSA | H37: DESBROCE Y LIMPIEZA EN ZONA NO BOSCOSA | I37: DESBROCE Y LIMPIEZA EN ZONA NO BOSCOSA | J37: DESBROCE Y LIMPIEZA EN ZONA NO BOSCOSA | L37: =+K37*C37 -> 0
A38: 1.4.2 | B38: m3 | C38: 116188.11 | E38: DESCOLMATACIÓN DE CAUCE NATURAL DEL RÍO LACRAMARCA | F38: DESCOLMATACIÓN DE CAUCE NATURAL DEL RÍO LACRAMARCA | G38: DESCOLMATACIÓN DE CAUCE NATURAL DEL RÍO LACRAMARCA | H38: DESCOLMATACIÓN DE CAUCE NATURAL DEL RÍO LACRAMARCA | I38: DESCOLMATACIÓN DE CAUCE NATURAL DEL RÍO LACRAMARCA | J38: DESCOLMATACIÓN DE CAUCE NATURAL DEL RÍO LACRAMARCA | L38: =+K38*C38 -> 0
A39: 1.4.3 | B39: m3 | C39: 57167 | E39: CONFORMACIÓN DE DESVIO EN CAUCE DE RÍO | F39: CONFORMACIÓN DE DESVIO EN CAUCE DE RÍO | G39: CONFORMACIÓN DE DESVIO EN CAUCE DE RÍO | H39: CONFORMACIÓN DE DESVIO EN CAUCE DE RÍO | I39: CONFORMACIÓN DE DESVIO EN CAUCE DE RÍO | J39: CONFORMACIÓN DE DESVIO EN CAUCE DE RÍO | L39: =+K39*C39 -> 0
A40: 1.4.4 | B40: m3 | C40: 57377 | E40: RELLENO NO ESTRUCTURAL CON MATERIAL PROPIO | F40: RELLENO NO ESTRUCTURAL CON MATERIAL PROPIO | G40: RELLENO NO ESTRUCTURAL CON MATERIAL PROPIO | H40: RELLENO NO ESTRUCTURAL CON MATERIAL PROPIO | I40: RELLENO NO ESTRUCTURAL CON MATERIAL PROPIO | J40: RELLENO NO ESTRUCTURAL CON MATERIAL PROPIO | L40: =+K40*C40 -> 0
A41: 1.5 | E41: DIQUES DE TIERRA COMPACTADA CON ENROCADO | F41: DIQUES DE TIERRA COMPACTADA CON ENROCADO | G41: DIQUES DE TIERRA COMPACTADA CON ENROCADO | H41: DIQUES DE TIERRA COMPACTADA CON ENROCADO | I41: DIQUES DE TIERRA COMPACTADA CON ENROCADO | J41: DIQUES DE TIERRA COMPACTADA CON ENROCADO
A42: 1.5.1 | E42: DIQUE DE TIERRA COMPACTADA A3-D-01 | F42: DIQUE DE TIERRA COMPACTADA A3-D-01 | G42: DIQUE DE TIERRA COMPACTADA A3-D-01 | H42: DIQUE DE TIERRA COMPACTADA A3-D-01 | I42: DIQUE DE TIERRA COMPACTADA A3-D-01 | J42: DIQUE DE TIERRA COMPACTADA A3-D-01
A43: 1.5.1.1 | B43: m3 | C43: 6167.174 | E43: EXCAVACIÓN EN TERRENO NATURAL CON EQUIPO | F43: EXCAVACIÓN EN TERRENO NATURAL CON EQUIPO | G43: EXCAVACIÓN EN TERRENO NATURAL CON EQUIPO | H43: EXCAVACIÓN EN TERRENO NATURAL CON EQUIPO | I43: EXCAVACIÓN EN TERRENO NATURAL CON EQUIPO | J43: EXCAVACIÓN EN TERRENO NATURAL CON EQUIPO | L43: =+K43*C43 -> 0
A44: 1.5.1.2 | B44: m3 | C44: 2325.015 | E44: EXCAVACIÓN DE UÑA CON EQUIPO | F44: EXCAVACIÓN DE UÑA CON EQUIPO | G44: EXCAVACIÓN DE UÑA CON EQUIPO | H44: EXCAVACIÓN DE UÑA CON EQUIPO | I44: EXCAVACIÓN DE UÑA CON EQUIPO | J44: EXCAVACIÓN DE UÑA CON EQUIPO | L44: =+K44*C44 -> 0
A45: 1.5.1.3 | B45: m2 | C45: 11192.097 | E45: PERFILADO Y COMPACTACIÓN EN ZONA DE CORTE | F45: PERFILADO Y COMPACTACIÓN EN ZONA DE CORTE | G45: PERFILADO Y COMPACTACIÓN EN ZONA DE CORTE | H45: PERFILADO Y COMPACTACIÓN EN ZONA DE CORTE | I45: PERFILADO Y COMPACTACIÓN EN ZONA DE CORTE | J45: PERFILADO Y COMPACTACIÓN EN ZONA DE CORTE | L45: =+K45*C45 -> 0
A46: 1.5.1.4 | B46: m3 | C46: 1639.2 | E46: CONFORMACIÓN DE CUERPO DE DIQUE CON MATERIAL PROPIO | F46: CONFORMACIÓN DE CUERPO DE DIQUE CON MATERIAL PROPIO | G46: CONFORMACIÓN DE CUERPO DE DIQUE CON MATERIAL PROPIO | H46: CONFORMACIÓN DE CUERPO DE DIQUE CON MATERIAL PROPIO | I46: CONFORMACIÓN DE CUERPO DE DIQUE CON MATERIAL PROPIO | J46: CONFORMACIÓN DE CUERPO DE DIQUE CON MATERIAL PROPIO | L46: =+K46*C46 -> 0
A47: 1.5.1.5 | B47: m3 | C47: 999.6428 | E47: CONFORMACIÓN DE CORONA DE DIQUE CON MATERIAL PROPIO | F47: CONFORMACIÓN DE CORONA DE DIQUE CON MATERIAL PROPIO | G47: CONFORMACIÓN DE CORONA DE DIQUE CON MATERIAL PROPIO | H47: CONFORMACIÓN DE CORONA DE DIQUE CON MATERIAL PROPIO | I47: CONFORMACIÓN DE CORONA DE DIQUE CON MATERIAL PROPIO | J47: CONFORMACIÓN DE CORONA DE DIQUE CON MATERIAL PROPIO | L47: =+K47*C47 -> 0
A48: 1.5.1.6 | B48: m2 | C48: 5381.812 | E48: GEOTEXTIL NO TEJIDO 400 G/M2, INC. COLOCACIÓN | F48: GEOTEXTIL NO TEJIDO 400 G/M2, INC. COLOCACIÓN | G48: GEOTEXTIL NO TEJIDO 400 G/M2, INC. COLOCACIÓN | H48: GEOTEXTIL NO TEJIDO 400 G/M2, INC. COLOCACIÓN | I48: GEOTEXTIL NO TEJIDO 400 G/M2, INC. COLOCACIÓN | J48: GEOTEXTIL NO TEJIDO 400 G/M2, INC. COLOCACIÓN | L48: =+K48*C48 -> 0
A49: 1.5.1.7 | B49: m3 | C49: 2325.015 | E49: COLOCACION Y ACOMODO DE ROCA EN UÑA DE DIQUE | F49: COLOCACION Y ACOMODO DE ROCA EN UÑA DE DIQUE | G49: COLOCACION Y ACOMODO DE ROCA EN UÑA DE DIQUE | H49: COLOCACION Y ACOMODO DE ROCA EN UÑA DE DIQUE | I49: COLOCACION Y ACOMODO DE ROCA EN UÑA DE DIQUE | J49: COLOCACION Y ACOMODO DE ROCA EN UÑA DE DIQUE | L49: =+K49*C49 -> 0
A50: 1.5.1.8 | B50: m3 | C50: 3493.3658 | E50: COLOCACION Y ACOMODO DE ROCA EN TALUD DE DIQUE | F50: COLOCACION Y ACOMODO DE ROCA EN TALUD DE DIQUE | G50: COLOCACION Y ACOMODO DE ROCA EN TALUD DE DIQUE | H50: COLOCACION Y ACOMODO DE ROCA EN TALUD DE DIQUE | I50: COLOCACION Y ACOMODO DE ROCA EN TALUD DE DIQUE | J50: COLOCACION Y ACOMODO DE ROCA EN TALUD DE DIQUE | L50: =+K50*C50 -> 0
A51: 1.5.1.9 | B51: m2 | C51: 2554.07 | E51: PREPARACIÓN DE FUNDACIÓN DE CUERPO DE DIQUE | F51: PREPARACIÓN DE FUNDACIÓN DE CUERPO DE DIQUE | G51: PREPARACIÓN DE FUNDACIÓN DE CUERPO DE DIQUE | H51: PREPARACIÓN DE FUNDACIÓN DE CUERPO DE DIQUE | I51: PREPARACIÓN DE FUNDACIÓN DE CUERPO DE DIQUE | J51: PREPARACIÓN DE FUNDACIÓN DE CUERPO DE DIQUE | L51: =+K51*C51 -> 0
A52: 1.5.2 | E52: DIQUE DE TIERRA COMPACTADA A3-D-02 | F52: DIQUE DE TIERRA COMPACTADA A3-D-02 | G52: DIQUE DE TIERRA COMPACTADA A3-D-02 | H52: DIQUE DE TIERRA COMPACTADA A3-D-02 | I52: DIQUE DE TIERRA COMPACTADA A3-D-02 | J52: DIQUE DE TIERRA COMPACTADA A3-D-02
A53: 1.5.2.1 | B53: m3 | C53: 53286.001 | E53: EXCAVACIÓN EN TERRENO NATURAL CON EQUIPO | F53: EXCAVACIÓN EN TERRENO NATURAL CON EQUIPO | G53: EXCAVACIÓN EN TERRENO NATURAL CON EQUIPO | H53: EXCAVACIÓN EN TERRENO NATURAL CON EQUIPO | I53: EXCAVACIÓN EN TERRENO NATURAL CON EQUIPO | J53: EXCAVACIÓN EN TERRENO NATURAL CON EQUIPO | L53: =+K53*C53 -> 0
A54: 1.5.2.2 | B54: m3 | C54: 16718.988 | E54: EXCAVACIÓN DE UÑA CON EQUIPO | F54: EXCAVACIÓN DE UÑA CON EQUIPO | G54: EXCAVACIÓN DE UÑA CON EQUIPO | H54: EXCAVACIÓN DE UÑA CON EQUIPO | I54: EXCAVACIÓN DE UÑA CON EQUIPO | J54: EXCAVACIÓN DE UÑA CON EQUIPO | L54: =+K54*C54 -> 0
A55: 1.5.2.3 | B55: m2 | C55: 69692.956 | E55: PERFILADO Y COMPACTACIÓN EN ZONA DE CORTE | F55: PERFILADO Y COMPACTACIÓN EN ZONA DE CORTE | G55: PERFILADO Y COMPACTACIÓN EN ZONA DE CORTE | H55: PERFILADO Y COMPACTACIÓN EN ZONA DE CORTE | I55: PERFILADO Y COMPACTACIÓN EN ZONA DE CORTE | J55: PERFILADO Y COMPACTACIÓN EN ZONA DE CORTE | L55: =+K55*C55 -> 0
A56: 1.5.2.4 | B56: m3 | C56: 6940.8868 | E56: CONFORMACIÓN DE CUERPO DE DIQUE CON MATERIAL PROPIO | F56: CONFORMACIÓN DE CUERPO DE DIQUE CON MATERIAL PROPIO | G56: CONFORMACIÓN DE CUERPO DE DIQUE CON MATERIAL PROPIO | H56: CONFORMACIÓN DE CUERPO DE DIQUE CON MATERIAL PROPIO | I56: CONFORMACIÓN DE CUERPO DE DIQUE CON MATERIAL PROPIO | J56: CONFORMACIÓN DE CUERPO DE DIQUE CON MATERIAL PROPIO | L56: =+K56*C56 -> 0
A57: 1.5.2.5 | B57: m3 | C57: 5049.9626 | E57: CONFORMACIÓN DE CORONA DE DIQUE CON MATERIAL PROPIO | F57: CONFORMACIÓN DE CORONA DE DIQUE CON MATERIAL PROPIO | G57: CONFORMACIÓN DE CORONA DE DIQUE CON MATERIAL PROPIO | H57: CONFORMACIÓN DE CORONA DE DIQUE CON MATERIAL PROPIO | I57: CONFORMACIÓN DE CORONA DE DIQUE CON MATERIAL PROPIO | J57: CONFORMACIÓN DE CORONA DE DIQUE CON MATERIAL PROPIO | L57: =+K57*C57 -> 0
A58: 1.5.2.6 | B58: m2 | C58: 24364.34 | E58: GEOTEXTIL NO TEJIDO 400 G/M2, INC. COLOCACIÓN | F58: GEOTEXTIL NO TEJIDO 400 G/M2, INC. COLOCACIÓN | G58: GEOTEXTIL NO TEJIDO 400 G/M2, INC. COLOCACIÓN | H58: GEOTEXTIL NO TEJIDO 400 G/M2, INC. COLOCACIÓN | I58: GEOTEXTIL NO TEJIDO 400 G/M2, INC. COLOCACIÓN | J58: GEOTEXTIL NO TEJIDO 400 G/M2, INC. COLOCACIÓN | L58: =+K58*C58 -> 0
A59: 1.5.2.7 | B59: m3 | C59: 16718.988 | E59: COLOCACION Y ACOMODO DE ROCA EN UÑA DE DIQUE | F59: COLOCACION Y ACOMODO DE ROCA EN UÑA DE DIQUE | G59: COLOCACION Y ACOMODO DE ROCA EN UÑA DE DIQUE | H59: COLOCACION Y ACOMODO DE ROCA EN UÑA DE DIQUE | I59: COLOCACION Y ACOMODO DE ROCA EN UÑA DE DIQUE | J59: COLOCACION Y ACOMODO DE ROCA EN UÑA DE DIQUE | L59: =+K59*C59 -> 0
A60: 1.5.2.8 | B60: m3 | C60: 20023.128 | E60: COLOCACION Y ACOMODO DE ROCA EN TALUD DE DIQUE | F60: COLOCACION Y ACOMODO DE ROCA EN TALUD DE DIQUE | G60: COLOCACION Y ACOMODO DE ROCA EN TALUD DE DIQUE | H60: COLOCACION Y ACOMODO DE ROCA EN TALUD DE DIQUE | I60: COLOCACION Y ACOMODO DE ROCA EN TALUD DE DIQUE | J60: COLOCACION Y ACOMODO DE ROCA EN TALUD DE DIQUE | L60: =+K60*C60 -> 0
A61: 1.5.2.9 | B61: m2 | C61: 10381.59 | E61: PREPARACIÓN DE FUNDACIÓN DE CUERPO DE DIQUE | F61: PREPARACIÓN DE FUNDACIÓN DE CUERPO DE DIQUE | G61: PREPARACIÓN DE FUNDACIÓN DE CUERPO DE DIQUE | H61: PREPARACIÓN DE FUNDACIÓN DE CUERPO DE DIQUE | I61: PREPARACIÓN DE FUNDACIÓN DE CUERPO DE DIQUE | J61: PREPARACIÓN DE FUNDACIÓN DE CUERPO DE DIQUE | L61: =+K61*C61 -> 0
A62: 1.5.3 | E62: DIQUE DE TIERRA COMPACTADA A3-I-01 | F62: DIQUE DE TIERRA COMPACTADA A3-I-01 | G62: DIQUE DE TIERRA COMPACTADA A3-I-01 | H62: DIQUE DE TIERRA COMPACTADA A3-I-01 | I62: DIQUE DE TIERRA COMPACTADA A3-I-01 | J62: DIQUE DE TIERRA COMPACTADA A3-I-01
A63: 1.5.3.1 | B63: m3 | C63: 13764.453 | E63: EXCAVACIÓN EN TERRENO NATURAL CON EQUIPO | F63: EXCAVACIÓN EN TERRENO NATURAL CON EQUIPO | G63: EXCAVACIÓN EN TERRENO NATURAL CON EQUIPO | H63: EXCAVACIÓN EN TERRENO NATURAL CON EQUIPO | I63: EXCAVACIÓN EN TERRENO NATURAL CON EQUIPO | J63: EXCAVACIÓN EN TERRENO NATURAL CON EQUIPO | L63: =+K63*C63 -> 0
A64: 1.5.3.2 | B64: m3 | C64: 2275.5425 | E64: EXCAVACIÓN DE UÑA CON EQUIPO | F64: EXCAVACIÓN DE UÑA CON EQUIPO | G64: EXCAVACIÓN DE UÑA CON EQUIPO | H64: EXCAVACIÓN DE UÑA CON EQUIPO | I64: EXCAVACIÓN DE UÑA CON EQUIPO | J64: EXCAVACIÓN DE UÑA CON EQUIPO | L64: =+K64*C64 -> 0
A65: 1.5.3.3 | B65: m2 | C65: 9800.3891 | E65: PERFILADO Y COMPACTACIÓN EN ZONA DE CORTE | F65: PERFILADO Y COMPACTACIÓN EN ZONA DE CORTE | G65: PERFILADO Y COMPACTACIÓN EN ZONA DE CORTE | H65: PERFILADO Y COMPACTACIÓN EN ZONA DE CORTE | I65: PERFILADO Y COMPACTACIÓN EN ZONA DE CORTE | J65: PERFILADO Y COMPACTACIÓN EN ZONA DE CORTE | L65: =+K65*C65 -> 0
A66: 1.5.3.4 | B66: m3 | C66: 2793.1 | E66: CONFORMACIÓN DE CUERPO DE DIQUE CON MATERIAL PROPIO | F66: CONFORMACIÓN DE CUERPO DE DIQUE CON MATERIAL PROPIO | G66: CONFORMACIÓN DE CUERPO DE DIQUE CON MATERIAL PROPIO | H66: CONFORMACIÓN DE CUERPO DE DIQUE CON MATERIAL PROPIO | I66: CONFORMACIÓN DE CUERPO DE DIQUE CON MATERIAL PROPIO | J66: CONFORMACIÓN DE CUERPO DE DIQUE CON MATERIAL PROPIO | L66: =+K66*C66 -> 0
A67: 1.5.3.5 | B67: m3 | C67: 979.3146 | E67: CONFORMACIÓN DE CORONA DE DIQUE CON MATERIAL PROPIO | F67: CONFORMACIÓN DE CORONA DE DIQUE CON MATERIAL PROPIO | G67: CONFORMACIÓN DE CORONA DE DIQUE CON MATERIAL PROPIO | H67: CONFORMACIÓN DE CORONA DE DIQUE CON MATERIAL PROPIO | I67: CONFORMACIÓN DE CORONA DE DIQUE CON MATERIAL PROPIO | J67: CONFORMACIÓN DE CORONA DE DIQUE CON MATERIAL PROPIO | L67: =+K67*C67 -> 0
A68: 1.5.3.6 | B68: m2 | C68: 5276.5788 | E68: GEOTEXTIL NO TEJIDO 400 G/M2, INC. COLOCACIÓN | F68: GEOTEXTIL NO TEJIDO 400 G/M2, INC. COLOCACIÓN | G68: GEOTEXTIL NO TEJIDO 400 G/M2, INC. COLOCACIÓN | H68: GEOTEXTIL NO TEJIDO 400 G/M2, INC. COLOCACIÓN | I68: GEOTEXTIL NO TEJIDO 400 G/M2, INC. COLOCACIÓN | J68: GEOTEXTIL NO TEJIDO 400 G/M2, INC. COLOCACIÓN | L68: =+K68*C68 -> 0
A69: 1.5.3.7 | B69: m3 | C69: 2275.5425 | E69: COLOCACION Y ACOMODO DE ROCA EN UÑA DE DIQUE | F69: COLOCACION Y ACOMODO DE ROCA EN UÑA DE DIQUE | G69: COLOCACION Y ACOMODO DE ROCA EN UÑA DE DIQUE | H69: COLOCACION Y ACOMODO DE ROCA EN UÑA DE DIQUE | I69: COLOCACION Y ACOMODO DE ROCA EN UÑA DE DIQUE | J69: COLOCACION Y ACOMODO DE ROCA EN UÑA DE DIQUE | L69: =+K69*C69 -> 0
A70: 1.5.3.8 | B70: m3 | C70: 3426.2631 | E70: COLOCACION Y ACOMODO DE ROCA EN TALUD DE DIQUE | F70: COLOCACION Y ACOMODO DE ROCA EN TALUD DE DIQUE | G70: COLOCACION Y ACOMODO DE ROCA EN TALUD DE DIQUE | H70: COLOCACION Y ACOMODO DE ROCA EN TALUD DE DIQUE | I70: COLOCACION Y ACOMODO DE ROCA EN TALUD DE DIQUE | J70: COLOCACION Y ACOMODO DE ROCA EN TALUD DE DIQUE | L70: =+K70*C70 -> 0
A71: 1.5.3.9 | B71: m2 | C71: 3409.07 | E71: PREPARACIÓN DE FUNDACIÓN DE CUERPO DE DIQUE | F71: PREPARACIÓN DE FUNDACIÓN DE CUERPO DE DIQUE | G71: PREPARACIÓN DE FUNDACIÓN DE CUERPO DE DIQUE | H71: PREPARACIÓN DE FUNDACIÓN DE CUERPO DE DIQUE | I71: PREPARACIÓN DE FUNDACIÓN DE CUERPO DE DIQUE | J71: PREPARACIÓN DE FUNDACIÓN DE CUERPO DE DIQUE | L71: =+K71*C71 -> 0
A72: 1.5.4 | E72: DIQUE DE TIERRA COMPACTADA A3-I-02 | F72: DIQUE DE TIERRA COMPACTADA A3-I-02 | G72: DIQUE DE TIERRA COMPACTADA A3-I-02 | H72: DIQUE DE TIERRA COMPACTADA A3-I-02 | I72: DIQUE DE TIERRA COMPACTADA A3-I-02 | J72: DIQUE DE TIERRA COMPACTADA A3-I-02
A73: 1.5.4.1 | B73: m3 | C73: 18781.327 | E73: EXCAVACIÓN EN TERRENO NATURAL CON EQUIPO | F73: EXCAVACIÓN EN TERRENO NATURAL CON EQUIPO | G73: EXCAVACIÓN EN TERRENO NATURAL CON EQUIPO | H73: EXCAVACIÓN EN TERRENO NATURAL CON EQUIPO | I73: EXCAVACIÓN EN TERRENO NATURAL CON EQUIPO | J73: EXCAVACIÓN EN TERRENO NATURAL CON EQUIPO | L73: =+K73*C73 -> 0
A74: 1.5.4.2 | B74: m3 | C74: 3101.0672 | E74: EXCAVACIÓN DE UÑA CON EQUIPO | F74: EXCAVACIÓN DE UÑA CON EQUIPO | G74: EXCAVACIÓN DE UÑA CON EQUIPO | H74: EXCAVACIÓN DE UÑA CON EQUIPO | I74: EXCAVACIÓN DE UÑA CON EQUIPO | J74: EXCAVACIÓN DE UÑA CON EQUIPO | L74: =+K74*C74 -> 0
A75: 1.5.4.3 | B75: m2 | C75: 12204.129 | E75: PERFILADO Y COMPACTACIÓN EN ZONA DE CORTE | F75: PERFILADO Y COMPACTACIÓN EN ZONA DE CORTE | G75: PERFILADO Y COMPACTACIÓN EN ZONA DE CORTE | H75: PERFILADO Y COMPACTACIÓN EN ZONA DE CORTE | I75: PERFILADO Y COMPACTACIÓN EN ZONA DE CORTE | J75: PERFILADO Y COMPACTACIÓN EN ZONA DE CORTE | L75: =+K75*C75 -> 0
A76: 1.5.4.4 | B76: m3 | C76: 578.5588 | E76: CONFORMACIÓN DE CUERPO DE DIQUE CON MATERIAL PROPIO | F76: CONFORMACIÓN DE CUERPO DE DIQUE CON MATERIAL PROPIO | G76: CONFORMACIÓN DE CUERPO DE DIQUE CON MATERIAL PROPIO | H76: CONFORMACIÓN DE CUERPO DE DIQUE CON MATERIAL PROPIO | I76: CONFORMACIÓN DE CUERPO DE DIQUE CON MATERIAL PROPIO | J76: CONFORMACIÓN DE CUERPO DE DIQUE CON MATERIAL PROPIO | L76: =+K76*C76 -> 0
A77: 1.5.4.5 | B77: m3 | C77: 1160.9276 | E77: CONFORMACIÓN DE CORONA DE DIQUE CON MATERIAL PROPIO | F77: CONFORMACIÓN DE CORONA DE DIQUE CON MATERIAL PROPIO | G77: CONFORMACIÓN DE CORONA DE DIQUE CON MATERIAL PROPIO | H77: CONFORMACIÓN DE CORONA DE DIQUE CON MATERIAL PROPIO | I77: CONFORMACIÓN DE CORONA DE DIQUE CON MATERIAL PROPIO | J77: CONFORMACIÓN DE CORONA DE DIQUE CON MATERIAL PROPIO | L77: =+K77*C77 -> 0
A78: 1.5.4.6 | B78: m2 | C78: 4752.048 | E78: GEOTEXTIL NO TEJIDO 400 G/M2, INC. COLOCACIÓN | F78: GEOTEXTIL NO TEJIDO 400 G/M2, INC. COLOCACIÓN | G78: GEOTEXTIL NO TEJIDO 400 G/M2, INC. COLOCACIÓN | H78: GEOTEXTIL NO TEJIDO 400 G/M2, INC. COLOCACIÓN | I78: GEOTEXTIL NO TEJIDO 400 G/M2, INC. COLOCACIÓN | J78: GEOTEXTIL NO TEJIDO 400 G/M2, INC. COLOCACIÓN | L78: =+K78*C78 -> 0
A79: 1.5.4.7 | B79: m3 | C79: 3101.0672 | E79: COLOCACION Y ACOMODO DE ROCA EN UÑA DE DIQUE | F79: COLOCACION Y ACOMODO DE ROCA EN UÑA DE DIQUE | G79: COLOCACION Y ACOMODO DE ROCA EN UÑA DE DIQUE | H79: COLOCACION Y ACOMODO DE ROCA EN UÑA DE DIQUE | I79: COLOCACION Y ACOMODO DE ROCA EN UÑA DE DIQUE | J79: COLOCACION Y ACOMODO DE ROCA EN UÑA DE DIQUE | L79: =+K79*C79 -> 0
A80: 1.5.4.8 | B80: m3 | C80: 3837.2028 | E80: COLOCACION Y ACOMODO DE ROCA EN TALUD DE DIQUE | F80: COLOCACION Y ACOMODO DE ROCA EN TALUD DE DIQUE | G80: COLOCACION Y ACOMODO DE ROCA EN TALUD DE DIQUE | H80: COLOCACION Y ACOMODO DE ROCA EN TALUD DE DIQUE | I80: COLOCACION Y ACOMODO DE ROCA EN TALUD DE DIQUE | J80: COLOCACION Y ACOMODO DE ROCA EN TALUD DE DIQUE | L80: =+K80*C80 -> 0
A81: 1.5.4.9 | B81: m2 | C81: 1415.645 | E81: PREPARACIÓN DE FUNDACIÓN DE CUERPO DE DIQUE | F81: PREPARACIÓN DE FUNDACIÓN DE CUERPO DE DIQUE | G81: PREPARACIÓN DE FUNDACIÓN DE CUERPO DE DIQUE | H81: PREPARACIÓN DE FUNDACIÓN DE CUERPO DE DIQUE | I81: PREPARACIÓN DE FUNDACIÓN DE CUERPO DE DIQUE | J81: PREPARACIÓN DE FUNDACIÓN DE CUERPO DE DIQUE | L81: =+K81*C81 -> 0
A82: 1.5.5 | E82: DIQUE DE TIERRA COMPACTADA A3-I-03 | F82: DIQUE DE TIERRA COMPACTADA A3-I-03 | G82: DIQUE DE TIERRA COMPACTADA A3-I-03 | H82: DIQUE DE TIERRA COMPACTADA A3-I-03 | I82: DIQUE DE TIERRA COMPACTADA A3-I-03 | J82: DIQUE DE TIERRA COMPACTADA A3-I-03
A83: 1.5.5.1 | B83: m3 | C83: 34520.4 | E83: EXCAVACIÓN EN TERRENO NATURAL CON EQUIPO | F83: EXCAVACIÓN EN TERRENO NATURAL CON EQUIPO | G83: EXCAVACIÓN EN TERRENO NATURAL CON EQUIPO | H83: EXCAVACIÓN EN TERRENO NATURAL CON EQUIPO | I83: EXCAVACIÓN EN TERRENO NATURAL CON EQUIPO | J83: EXCAVACIÓN EN TERRENO NATURAL CON EQUIPO | L83: =+K83*C83 -> 0
A84: 1.5.5.2 | B84: m3 | C84: 13780.8 | E84: EXCAVACIÓN DE UÑA CON EQUIPO | F84: EXCAVACIÓN DE UÑA CON EQUIPO | G84: EXCAVACIÓN DE UÑA CON EQUIPO | H84: EXCAVACIÓN DE UÑA CON EQUIPO | I84: EXCAVACIÓN DE UÑA CON EQUIPO | J84: EXCAVACIÓN DE UÑA CON EQUIPO | L84: =+K84*C84 -> 0
A85: 1.5.5.3 | B85: m2 | C85: 56400.658 | E85: PERFILADO Y COMPACTACIÓN EN ZONA DE CORTE | F85: PERFILADO Y COMPACTACIÓN EN ZONA DE CORTE | G85: PERFILADO Y COMPACTACIÓN EN ZONA DE CORTE | H85: PERFILADO Y COMPACTACIÓN EN ZONA DE CORTE | I85: PERFILADO Y COMPACTACIÓN EN ZONA DE CORTE | J85: PERFILADO Y COMPACTACIÓN EN ZONA DE CORTE | L85: =+K85*C85 -> 0
A86: 1.5.5.4 | B86: m3 | C86: 5646.1 | E86: CONFORMACIÓN DE CUERPO DE DIQUE CON MATERIAL PROPIO | F86: CONFORMACIÓN DE CUERPO DE DIQUE CON MATERIAL PROPIO | G86: CONFORMACIÓN DE CUERPO DE DIQUE CON MATERIAL PROPIO | H86: CONFORMACIÓN DE CUERPO DE DIQUE CON MATERIAL PROPIO | I86: CONFORMACIÓN DE CUERPO DE DIQUE CON MATERIAL PROPIO | J86: CONFORMACIÓN DE CUERPO DE DIQUE CON MATERIAL PROPIO | L86: =+K86*C86 -> 0
A87: 1.5.5.5 | B87: m3 | C87: 4114.4 | E87: CONFORMACIÓN DE CORONA DE DIQUE CON MATERIAL PROPIO | F87: CONFORMACIÓN DE CORONA DE DIQUE CON MATERIAL PROPIO | G87: CONFORMACIÓN DE CORONA DE DIQUE CON MATERIAL PROPIO | H87: CONFORMACIÓN DE CORONA DE DIQUE CON MATERIAL PROPIO | I87: CONFORMACIÓN DE CORONA DE DIQUE CON MATERIAL PROPIO | J87: CONFORMACIÓN DE CORONA DE DIQUE CON MATERIAL PROPIO | L87: =+K87*C87 -> 0
A88: 1.5.5.6 | B88: m2 | C88: 19821.78 | E88: GEOTEXTIL NO TEJIDO 400 G/M2, INC. COLOCACIÓN | F88: GEOTEXTIL NO TEJIDO 400 G/M2, INC. COLOCACIÓN | G88: GEOTEXTIL NO TEJIDO 400 G/M2, INC. COLOCACIÓN | H88: GEOTEXTIL NO TEJIDO 400 G/M2, INC. COLOCACIÓN | I88: GEOTEXTIL NO TEJIDO 400 G/M2, INC. COLOCACIÓN | J88: GEOTEXTIL NO TEJIDO 400 G/M2, INC. COLOCACIÓN | L88: =+K88*C88 -> 0
A89: 1.5.5.7 | B89: m3 | C89: 13780.8 | E89: COLOCACION Y ACOMODO DE ROCA EN UÑA DE DIQUE | F89: COLOCACION Y ACOMODO DE ROCA EN UÑA DE DIQUE | G89: COLOCACION Y ACOMODO DE ROCA EN UÑA DE DIQUE | H89: COLOCACION Y ACOMODO DE ROCA EN UÑA DE DIQUE | I89: COLOCACION Y ACOMODO DE ROCA EN UÑA DE DIQUE | J89: COLOCACION Y ACOMODO DE ROCA EN UÑA DE DIQUE | L89: =+K89*C89 -> 0
A90: 1.5.5.8 | B90: m3 | C90: 16644 | E90: COLOCACION Y ACOMODO DE ROCA EN TALUD DE DIQUE | F90: COLOCACION Y ACOMODO DE ROCA EN TALUD DE DIQUE | G90: COLOCACION Y ACOMODO DE ROCA EN TALUD DE DIQUE | H90: COLOCACION Y ACOMODO DE ROCA EN TALUD DE DIQUE | I90: COLOCACION Y ACOMODO DE ROCA EN TALUD DE DIQUE | J90: COLOCACION Y ACOMODO DE ROCA EN TALUD DE DIQUE | L90: =+K90*C90 -> 0
A91: 1.5.5.9 | B91: m2 | C91: 9866.35 | E91: PREPARACIÓN DE FUNDACIÓN DE CUERPO DE DIQUE | F91: PREPARACIÓN DE FUNDACIÓN DE CUERPO DE DIQUE | G91: PREPARACIÓN DE FUNDACIÓN DE CUERPO DE DIQUE | H91: PREPARACIÓN DE FUNDACIÓN DE CUERPO DE DIQUE | I91: PREPARACIÓN DE FUNDACIÓN DE CUERPO DE DIQUE | J91: PREPARACIÓN DE FUNDACIÓN DE CUERPO DE DIQUE | L91: =+K91*C91 -> 0
A92: 1.6 | E92: RAMPAS | F92: RAMPAS | G92: RAMPAS | H92: RAMPAS | I92: RAMPAS | J92: RAMPAS
A93: 1.6.1 | B93: m3 | C93: 427.266 | E93: EXCAVACIÓN EN TERRENO NATURAL CON EQUIPO | F93: EXCAVACIÓN EN TERRENO NATURAL CON EQUIPO | G93: EXCAVACIÓN EN TERRENO NATURAL CON EQUIPO | H93: EXCAVACIÓN EN TERRENO NATURAL CON EQUIPO | I93: EXCAVACIÓN EN TERRENO NATURAL CON EQUIPO | J93: EXCAVACIÓN EN TERRENO NATURAL CON EQUIPO | L93: =+K93*C93 -> 0
A94: 1.6.2 | B94: m3 | C94: 236.81 | E94: CONFORMACIÓN DE CUERPO DE RAMPA CON MATERIAL PROPIO | F94: CONFORMACIÓN DE CUERPO DE RAMPA CON MATERIAL PROPIO | G94: CONFORMACIÓN DE CUERPO DE RAMPA CON MATERIAL PROPIO | H94: CONFORMACIÓN DE CUERPO DE RAMPA CON MATERIAL PROPIO | I94: CONFORMACIÓN DE CUERPO DE RAMPA CON MATERIAL PROPIO | J94: CONFORMACIÓN DE CUERPO DE RAMPA CON MATERIAL PROPIO | L94: =+K94*C94 -> 0
A95: 1.6.3 | B95: m3 | C95: 150.994 | E95: CONFORMACIÓN DE CORONACIÓN DE RAMPA | F95: CONFORMACIÓN DE CORONACIÓN DE RAMPA | G95: CONFORMACIÓN DE CORONACIÓN DE RAMPA | H95: CONFORMACIÓN DE CORONACIÓN DE RAMPA | I95: CONFORMACIÓN DE CORONACIÓN DE RAMPA | J95: CONFORMACIÓN DE CORONACIÓN DE RAMPA | L95: =+K95*C95 -> 0
A96: 2 | E96: OBRAS DE ARTE | F96: OBRAS DE ARTE | G96: OBRAS DE ARTE | H96: OBRAS DE ARTE | I96: OBRAS DE ARTE | J96: OBRAS DE ARTE
A97: 2.1 | E97: CAPTACIÓN A3-CP-23-95 | F97: CAPTACIÓN A3-CP-23-95 | G97: CAPTACIÓN A3-CP-23-95 | H97: CAPTACIÓN A3-CP-23-95 | I97: CAPTACIÓN A3-CP-23-95 | J97: CAPTACIÓN A3-CP-23-95
A98: 2.1.1 | E98: MOVIMIENTO DE TIERRAS | F98: MOVIMIENTO DE TIERRAS | G98: MOVIMIENTO DE TIERRAS | H98: MOVIMIENTO DE TIERRAS | I98: MOVIMIENTO DE TIERRAS | J98: MOVIMIENTO DE TIERRAS
A99: 2.1.1.1 | B99: m3 | C99: 519.94 | E99: EXCAVACIÓN ESTRUCTURAL PARA OBRAS DE ARTE | F99: EXCAVACIÓN ESTRUCTURAL PARA OBRAS DE ARTE | G99: EXCAVACIÓN ESTRUCTURAL PARA OBRAS DE ARTE | H99: EXCAVACIÓN ESTRUCTURAL PARA OBRAS DE ARTE | I99: EXCAVACIÓN ESTRUCTURAL PARA OBRAS DE ARTE | J99: EXCAVACIÓN ESTRUCTURAL PARA OBRAS DE ARTE | L99: =+K99*C99 -> 0
A100: 2.1.1.1 | B100: m3 | C100: 182.13 | E100: RELLENO ESTRUCTURAL PARA OBRAS DE ARTE, CON MATERIAL PROPIO | F100: RELLENO ESTRUCTURAL PARA OBRAS DE ARTE, CON MATERIAL PROPIO | G100: RELLENO ESTRUCTURAL PARA OBRAS DE ARTE, CON MATERIAL PROPIO | H100: RELLENO ESTRUCTURAL PARA OBRAS DE ARTE, CON MATERIAL PROPIO | I100: RELLENO ESTRUCTURAL PARA OBRAS DE ARTE, CON MATERIAL PROPIO | J100: RELLENO ESTRUCTURAL PARA OBRAS DE ARTE, CON MATERIAL PROPIO | L100: =+K100*C100 -> 0
A101: 2.1.2 | E101: OBRAS DE CONCRETO | F101: OBRAS DE CONCRETO | G101: OBRAS DE CONCRETO | H101: OBRAS DE CONCRETO | I101: OBRAS DE CONCRETO | J101: OBRAS DE CONCRETO
...
